Workbook
Name аааааппппппрррппппппп: #REF!
Name аараооооооооооооо: #REF!
Name автом: #REF!
Name алшрльоплварл: #REF!
Name аолвлддддддддддддддддввввввввв: #REF!
Name апарв: #REF!
Name апрлдджаоырыфрпопрлпрлпрлп: #REF!
Name арлггаджаш: #REF!
Name ароррбллтблпроорапииас: #REF!
Name арррррблллпдрлдддддддддд: #REF!
Name варпаааааааааа: #REF!
Name ввпьььььлднд: #REF!
Name вед: #REF!
Name вертикальная: #REF!
Name вертикплан: #REF!
Name волен: #REF!
Name вп: #REF!
Name впырпфдыпл: #REF!
Name впьглорьтитттттттттт: #REF!
Name всввввввввввввввввввввввввв: #REF!
Name выб: #REF!
Name выпуск: #REF!
Name выьлепвввввпмп: #REF!
Name еваопродолжэрщэрзшщщх: #REF!
Name измен: #REF!
Name итого: #REF!
Name итого_сантех: #REF!
Name итого_стр: #REF!
Name итого_строит: #REF!
Name итого_технол: #REF!
Name итого_электр: #REF!
Name квота: #REF!
Name кккккккккк: #REF!
Name корек: #REF!
Name корект: #REF!
Name корректир: #REF!
Name лен: #REF!
Name лот: #REF!
Name мамиааааааааааааааааааааааааааааа: #REF!
Name ммпоослччччччччччрччапппппппппр: #REF!
Name мрол: #REF!
Name оз: #REF!
Name озелен: #REF!
Name озеленение: #REF!
Name озеленение2: #REF!
Name ОСР: #REF!
Name ОСР110: #REF!
Name ОСР111: #REF!
Name план: #REF!
Name планировка: #REF!
Name плдщхэж.юрббдлююбо: #REF!
Name площадки: #REF!
Name пос: #REF!
Name прав: #REF!
Name прлппппппппппппппрррррррр: #REF!
Name провбп: #REF!
Name проект: #REF!
Name пропппп: #REF!
Name рпоолллллбрюююююююююююю: #REF!
Name сааповвыыыыыеееееггггггггг: #REF!

Sheet 25658
A1: СОГЛАСОВАНО: | E1: ФГУП "Комбинат "Электрохимприбор" | M1: УТВЕРЖДАЮ:
G2: (наименование стройки) | M2: Зам. генерального директора
M3: Е.В.Гордеев
A4: _________________ | M4: _________________
A5: " _____ " ________________ 2014 г. | M5: "______ " __________2014 г.
G6: ЛОКАЛЬНЫЙ СМЕТНЫЙ РАСЧЕТ № 25658
G7: (локальная смета)
D9: на Реконструкцию КПП промышленной площадка № 5.
E10: Раздел: ПНР. Пожарная сигнализация
H11: (наименование работ и затрат, наименование объекта)
D13: Основание: проект № 055-10671-258-ПС
D14: Сметная стоимость прочих _______________________________________________________________________________________________ | J14: ___________________________1,939 | L14: тыс. руб.
D15: Средства на оплату труда _______________________________________________________________________________________________ | J15: ___________________________0,946 | L15: тыс. руб.
D16: Сметная трудоемкость _______________________________________________________________________________________________ | J16: _______________________________________________________________________________________________55,61 | L16: чел.час
D17: Составлен(а) в базовых ценах 2001г. в редакции 2009г.
A19: № пп | B19: Обосно- вание | C19: Наименование | D19: Ед. изм. | E19: Кол. | F19: Стоимость единицы, руб. | J19: Общая стоимость, руб. | N19: Т/з осн. раб.на ед. | O19: Т/з осн. раб. Всего | P19: Т/з мех. на ед. | Q19: Т/з мех. Всего
F20: Всего | G20: В том числе | J20: Всего | K20: В том числе
G21: Осн.З/п | H21: Эк.Маш | I21: З/пМех | K21: Осн.З/п | L21: Эк.Маш | M21: З/пМех
A22: 1 | B22: 2 | C22: 3 | D22: 4 | E22: 5 | F22: 6 | G22: 7 | H22: 8 | I22: 9 | J22: 10 | K22: 11 | L22: 12 | M22: 13 | N22: 14 | O22: 15 | P22: 16 | Q22: 17
A23: Раздел 1. Пусконаладочные работы (в холостую 80%)
A24: 1 | B24: ТЕРп01-06-021-01 | C24: Схема разводки трехпроводной системы с количеством панелей (шкафов, ячеек) до 2 | D24: 1 схема | E24: 1 | F24: 64.59 | G24: 64.59 | J24: 65 | K24: 65 | N24: 4 | O24: 4
A25: 2 | B25: ТЕРп01-11-024-01 | C25: Фазировка электрической линии или трансформатора с сетью напряжением до 1 кВ | D25: 1 фазировка | E25: 1 | F25: 18.04 | G25: 18.04 | J25: 18 | K25: 18 | N25: 1 | O25: 1
A26: 3 | B26: ТЕРп01-11-013-01 | C26: Замер полного сопротивления цепи «фаза-нуль» | D26: 1 токоприемник | E26: 1 | F26: 27.06 | G26: 27.06 | J26: 27 | K26: 27 | N26: 1.5 | O26: 1.5
A27: 4 | B27: ТЕРп01-11-011-01 | C27: Проверка наличия цепи между заземлителями и заземленными элементами | D27: 100 точек | E27: 0,01 1/100 | F27: 288.64 | G27: 288.64 | J27: 3 | K27: 3 | N27: 16 | O27: 0.16
A28: 5 | B28: ТЕРп01-11-028-01 | C28: Измерение сопротивления изоляции мегаомметром кабельных и других линий напряжением до 1 кВ, предназначенных для передачи электроэнергии к распределительным устройствам, щитам, шкафам, коммутационным аппаратам и электропотребителям | D28: 1 линия | E28: 2 | F28: 7.22 | G28: 7.22 | J28: 14 | K28: 14 | N28: 0.4 | O28: 0.8
A29: 6 | B29: ТЕРп01-10-001-01 | C29: Сбор и реализация сигналов информации устройств защиты, автоматики электрических (извещатель ручной) | D29: сигнал | E29: 2 | F29: 24.98 | G29: 24.98 | J29: 50 | K29: 50 | N29: 1.5 | O29: 3
A30: 7 | B30: ТЕРп01-10-001-01 | C30: Сбор и реализация сигналов информации устройств защиты, автоматики электрических (0.10 При выполнении пусконаладочных работ на высоте от 2 до 8м ОЗП=1,1; ТЗ=1,1) | D30: сигнал | E30: 13 8+3+2 | F30: 27.48 | G30: 27.48 | J30: 357 | K30: 357 | N30: 1.65 | O30: 21.45
A31: 8 | B31: ТЕРп01-10-010-01 | C31: Схема контроля изоляции электрической сети: с помощью электроизмерительных приборов | D31: схема | E31: 2 | F31: 69.32 | G31: 69.32 | J31: 139 | K31: 139 | N31: 6 | O31: 12
A32: 9 | B32: ТЕРп01-06-010-01 | C32: Источник бесперебойного питания | D32: 1 устройство | E32: 1 | F32: 142.17 | G32: 142.17 | J32: 142 | K32: 142 | N32: 8 | O32: 8
A33: 10 | B33: ТЕРп02-01-002-01 | C33: Автоматизированная система управления II категории технической сложности с количеством каналов: 2 | D33: система | E33: 1 | F33: 367.24 | G33: 367.24 | J33: 367 | K33: 367 | N33: 17.6 | O33: 17.6
A34: Итого по разделу 1 Пусконаладочные работы (в холостую 80%) | J34: 1939 | O34: 55.61
A35: ИТОГИ ПО СМЕТЕ:
A36: Итого прямые затраты по смете в ценах 2001г. | J36: 1182 | K36: 1182 | O36: 69.51
A37: Итого прямые затраты по смете с учетом коэффициентов к итогам | J37: 946 | K37: 946 | O37: 55.61
A38: В том числе, справочно:
A39: Пусконаладочные работы (вхолостую 80%) ПЗ=0,8 (ОЗП=0,8; ЭМ=0,8; ЗПМ=0,8; МАТ=0,8; ТЗ=0,8; ТЗМ=0,8) (Поз. 1-10) | J39: -236 | K39: -236 | O39: -13.902
A40: Накладные расходы | J40: 615
A41: В том числе, справочно:
A42: 65% ФОТ (от 946) (Поз. 1-10) | J42: 615
A43: Сметная прибыль | J43: 378
A44: В том числе, справочно:
A45: 40% ФОТ (от 946) (Поз. 1-10) | J45: 378
A46: ВСЕГО по смете | J46: 1939 | O46: 55.61
A47: Итого | J47: 1939 | O47: 55.61
A48: В том числе:
A49: ФОТ | J49: 946
A50: Накладные расходы | J50: 615
A51: Сметная прибыль | J51: 378
A52: ВСЕГО по смете | J52: 1939 | O52: 55.61
B54: Начальник отд. 078 _________________________ Т.М.Ковязина | I54: Составил ведущий инженер __________________ В.В.Воронкова
I55: 01.12.14 г.

Sheet 25659
A1: СОГЛАСОВАНО: | E1: ФГУП "Комбинат "Электрохимприбор" | M1: УТВЕРЖДАЮ:
G2: (наименование стройки) | M2: Зам. генерального директора
M3: Е.В.Гордеев
A4: _________________ | M4: _________________
A5: " _____ " ________________ 2014 г. | M5: "______ " __________2014 г.
G6: ЛОКАЛЬНЫЙ СМЕТНЫЙ РАСЧЕТ № 25659
G7: (локальная смета)
D9: на Реконструкцию КПП промышленной площадка № 5.
D10: Раздел: ПНР. Силовое электрооборудование и освещение.
H11: (наименование работ и затрат, наименование объекта)
D13: Основание: проект № 055-10671-258-ЭМ
D14: Сметная стоимость прочих _______________________________________________________________________________________________ | J14: ___________________________14,881 | L14: тыс. руб.
D15: Средства на оплату труда _______________________________________________________________________________________________ | J15: ___________________________7,259 | L15: тыс. руб.
D16: Сметная трудоемкость _______________________________________________________________________________________________ | J16: _______________________________________________________________________________________________385,34 | L16: чел.час
D17: Составлен(а) в базовых ценах 2001г. в редакции 2009г.
A19: № пп | B19: Обосно- вание | C19: Наименование | D19: Ед. изм. | E19: Кол. | F19: Стоимость единицы, руб. | J19: Общая стоимость, руб. | N19: Т/з осн. раб.на ед. | O19: Т/з осн. раб. Всего | P19: Т/з мех. на ед. | Q19: Т/з мех. Всего
F20: Всего | G20: В том числе | J20: Всего | K20: В том числе
G21: Осн.З/п | H21: Эк.Маш | I21: З/пМех | K21: Осн.З/п | L21: Эк.Маш | M21: З/пМех
A22: 1 | B22: 2 | C22: 3 | D22: 4 | E22: 5 | F22: 6 | G22: 7 | H22: 8 | I22: 9 | J22: 10 | K22: 11 | L22: 12 | M22: 13 | N22: 14 | O22: 15 | P22: 16 | Q22: 17
A23: Раздел 1. Пусконаладочные работы (в холостую 80%)
A24: 1 | B24: ТЕРп01-06-021-01 | C24: Схема разводки трехпроводной системы с количеством панелей (шкафов, ячеек) до 2 | D24: 1 схема | E24: 5 4+1 | F24: 64.59 | G24: 64.59 | J24: 323 | K24: 323 | N24: 4 | O24: 20
A25: 2 | B25: ТЕРп01-11-024-01 | C25: Фазировка электрической линии или трансформатора с сетью напряжением до 1 кВ | D25: 1 фазировка | E25: 5 | F25: 18.04 | G25: 18.04 | J25: 90 | K25: 90 | N25: 1 | O25: 5
A26: 3 | B26: ТЕРп01-03-002-04 | C26: Выключатель трехполюсный напряжением до 1 кВ с электромагнитным, тепловым или комбинированным расцепителем, номинальный ток до 50 А | D26: 1 шт. | E26: 3 2+1 | F26: 26.47 | G26: 26.47 | J26: 79 | K26: 79 | N26: 2 | O26: 6
A27: 4 | B27: ТЕРп01-03-002-04 | C27: Выключатель трехполюсный напряжением до 1 кВ с электромагнитным, тепловым или комбинированным расцепителем, номинальный ток до 50 А (3.6 ВУ. При проверке двухполюсного автоматического выключателя ОЗП=0,8; ТЗ=0,8) | D27: 1 шт. | E27: 5 | F27: 21.18 | G27: 21.18 | J27: 106 | K27: 106 | N27: 1.6 | O27: 8
A28: 5 | B28: ТЕРп01-03-001-01 | C28: Выключатель однополюсный напряжением до 1 кВ с электромагнитным, тепловым или комбинированным расцепителем | D28: 1 шт. | E28: 9 5+2+1+1 | F28: 19.85 | G28: 19.85 | J28: 179 | K28: 179 | N28: 1.5 | O28: 13.5
A29: 6 | B29: ТЕРп01-03-005-04 | C29: Разъединитель однополюсный напряжением от 110 до 220 кВ | D29: 1 шт. | E29: 1 | F29: 86.02 | G29: 86.02 | J29: 86 | K29: 86 | N29: 5 | O29: 5
A30: 7 | B30: ТЕРп01-11-013-01 | C30: Замер полного сопротивления цепи «фаза-нуль» | D30: 1 токоприемник | E30: 58 6+1+19+5+3+3+21 | F30: 27.06 | G30: 27.06 | J30: 1569 | K30: 1569 | N30: 1.5 | O30: 87
A31: 8 | B31: ТЕРп01-11-011-01 | C31: Проверка наличия цепи между заземлителями и заземленными элементами | D31: 100 точек | E31: 0,58 58/100 | F31: 288.64 | G31: 288.64 | J31: 167 | K31: 167 | N31: 16 | O31: 9.28
A32: 9 | B32: ТЕРп01-11-028-01 | C32: Измерение сопротивления изоляции мегаомметром кабельных и других линий напряжением до 1 кВ, предназначенных для передачи электроэнергии к распределительным устройствам, щитам, шкафам, коммутационным аппаратам и электропотребителям | D32: 1 линия | E32: 64 2+45+12+5 | F32: 7.22 | G32: 7.22 | J32: 462 | K32: 462 | N32: 0.4 | O32: 25.6
A33: 10 | B33: ТЕРп01-11-010-02 | C33: Измерение сопротивления растеканию тока контура с диагональю до 20 м | D33: 1 измерение | E33: 1 | F33: 36.08 | G33: 36.08 | J33: 36 | K33: 36 | N33: 2 | O33: 2
A34: Автоматика
A35: 11 | B35: ТЕРп01-06-010-01 | C35: Источник бесперебойного питания | D35: 1 устройство | E35: 3 | F35: 142.17 | G35: 142.17 | J35: 427 | K35: 427 | N35: 8 | O35: 24
A36: 12 | B36: ТЕРп01-09-002-01 | C36: Датчик бесконтактный с числом «вход-выход» до 3 | D36: 1 шт. | E36: 2 | F36: 150.92 | G36: 150.92 | J36: 302 | K36: 302 | N36: 8 | O36: 16
A37: 13 | B37: ТЕРп01-11-013-01 | C37: Замер полного сопротивления цепи «фаза-нуль» | D37: 1 токоприемник | E37: 5 | F37: 27.06 | G37: 27.06 | J37: 135 | K37: 135 | N37: 1.5 | O37: 7.5
A38: 14 | B38: ТЕРп01-11-011-01 | C38: Проверка наличия цепи между заземлителями и заземленными элементами | D38: 100 точек | E38: 0.05 | F38: 288.64 | G38: 288.64 | J38: 14 | K38: 14 | N38: 16 | O38: 0.8
A39: 15 | B39: ТЕРп01-11-028-01 | C39: Измерение сопротивления изоляции мегаомметром кабельных и других линий напряжением до 1 кВ, предназначенных для передачи электроэнергии к распределительным устройствам, щитам, шкафам, коммутационным аппаратам и электропотребителям | D39: 1 линия | E39: 5 | F39: 7.22 | G39: 7.22 | J39: 36 | K39: 36 | N39: 0.4 | O39: 2
A40: 16 | B40: ТЕРп01-13-021-01 | C40: Технологический комплекс, включающий агрегаты, связанные между собой непрерывным регулированием технологических параметров и взаимоконтролем режимов работы, в количестве до 5 шт. | D40: 1 комплекс | E40: 1 | F40: 5062.5 | G40: 5062.5 | J40: 5063 | K40: 5063 | N40: 250 | O40: 250
A41: Итого по разделу 1 Пусконаладочные работы (в холостую 80%) | J41: 14881 | O41: 385.34
A42: ИТОГИ ПО СМЕТЕ:
A43: Итого прямые затраты по смете в ценах 2001г. | J43: 9074 | K43: 9074 | O43: 481.68
A44: Итого прямые затраты по смете с учетом коэффициентов к итогам | J44: 7259 | K44: 7259 | O44: 385.34
A45: В том числе, справочно:
A46: Пусконаладочные работы (вхолостую 80%) ПЗ=0,8 (ОЗП=0,8; ЭМ=0,8; ЗПМ=0,8; МАТ=0,8; ТЗ=0,8; ТЗМ=0,8) (Поз. 1-16) | J46: -1815 | K46: -1815 | O46: -96.336
A47: Накладные расходы | J47: 4718
A48: В том числе, справочно:
A49: 65% ФОТ (от 7259) (Поз. 1-16) | J49: 4718
A50: Сметная прибыль | J50: 2904
A51: В том числе, справочно:
A52: 40% ФОТ (от 7259) (Поз. 1-16) | J52: 2904
A53: ВСЕГО по смете | J53: 14881 | O53: 385.34
A54: Итого | J54: 14881 | O54: 385.34
A55: В том числе:
A56: ФОТ | J56: 7259
A57: Накладные расходы | J57: 4718
A58: Сметная прибыль | J58: 2904
A59: ВСЕГО по смете | J59: 14881 | O59: 385.34
B61: Начальник отд. 078 _________________________ Т.М.Ковязина | I61: Составил ведущий инженер __________________ В.В.Воронкова
I62: 01.12.14 г.

Sheet 25683
A1: СОГЛАСОВАНО: | E1: ФГУП "Комбинат "Электрохимприбор" | M1: УТВЕРЖДАЮ:
G2: (наименование стройки) | M2: Зам. генерального директора
M3: Е.В.Гордеев
A4: _________________ | M4: _________________
A5: " _____ " ________________ 2014 г. | M5: "______ " __________2014 г.
G7: ЛОКАЛЬНЫЙ СМЕТНЫЙ РАСЧЕТ № 25683
G8: (локальная смета)
C10: на | D10: ПНР. Наружные сети электроснабжения промышленной площадки 5.
G11: (наименование работ и затрат, наименование объекта)
D13: Основание: проект № П-055/10661-ИОС1, ТКР изм.1; смета № 02-01-01 изм.1
D14: Сметная стоимость ПНР "в холостую 80%" _______________________________________________________________________________________________ | J14: ___________________________29,192 | L14: тыс. руб.
D15: Средства на оплату труда _______________________________________________________________________________________________ | J15: ___________________________14,240 | L15: тыс. руб.
D16: Сметная трудоемкость _______________________________________________________________________________________________ | J16: _______________________________________________________________________________________________799,54 | L16: чел.час
D17: Составлен(а) в базовых ценах 2001г. в редакции 2009г.
A19: № пп | B19: Обосно- вание | C19: Наименование | D19: Ед. изм. | E19: Кол. | F19: Стоимость единицы, руб. | J19: Общая стоимость, руб. | O19: Т/з осн. раб.на ед. | P19: Т/з осн. раб. Всего | Q19: Общая масса обору-дования, т
F20: Всего | G20: В том числе | J20: Обору- дование | K20: Всего | L20: В том числе
G21: Осн.З/п | H21: Эк.Маш | I21: З/пМех | L21: Осн.З/п | M21: Эк.Маш | N21: З/пМех
A22: 1 | B22: 2 | C22: 3 | D22: 4 | E22: 5 | F22: 6 | G22: 7 | H22: 8 | I22: 9 | J22: 10 | K22: 11 | L22: 12 | M22: 13 | N22: 14 | O22: 15 | P22: 16 | Q22: 17
A23: Раздел 1. Пусконаладочные работы (вхолостую 80%)
A24: Силовое оборудование
A25: 1 | B25: ТЕРп02-01-003-01 | C25: Автоматизированная система управления III категории технической сложности с количеством каналов (Кобщ) 2 | D25: 1 система | E25: 1 | F25: 481.93 | G25: 481.93 | K25: 482 | L25: 482 | O25: 21 | P25: 21
A26: 2 | B26: ТЕРп01-13-010-01 | C26: Агрегат, включающий в себя механизмы, связанные между собой блокировочными связями, смонтированные предприятием-изготовителем, в количестве до 2 шт. | D26: 1 комплекс | E26: 1 | F26: 850.5 | G26: 850.5 | K26: 851 | L26: 851 | O26: 42 | P26: 42
A27: 3 | B27: ТЕРп01-09-013-01 | C27: Контур систем автоматического регулирования параметров 1 с числом органов настройки до 5 | D27: 1 шт. | E27: 1 | F27: 1458.87 | G27: 1458.87 | K27: 1459 | L27: 1459 | O27: 70 | P27: 70
A28: 4 | B28: ТЕРп01-02-003-01 | C28: Трансформатор силовой трехфазный масляный напряжением до 11 кВ, мощностью до 1,6 МВА | D28: 1 шт. | E28: 2 | F28: 456.65 | G28: 456.65 | K28: 913 | L28: 913 | O28: 25 | P28: 50
A29: 5 | B29: ТЕРп01-11-024-02 | C29: Фазировка электрической линии или трансформатора с сетью напряжением свыше 1 кВ | D29: 1 фазировка | E29: 12 (2+2)*3*1 | F29: 36.08 | G29: 36.08 | K29: 433 | L29: 433 | O29: 2 | P29: 24
A30: 6 | B30: ТЕРп01-05-028-05 | C30: Программируемый микропроцессорный комплекс | D30: 1 устройство | E30: 2 | F30: 568.67 | G30: 568.67 | K30: 1137 | L30: 1137 | O30: 32 | P30: 64
A31: Наружное освещение
A32: 7 | B32: ТЕРп01-11-011-01 | C32: Проверка наличия цепи между заземлителями и заземленными элементами | D32: 100 точек | E32: 0,91 (82+8+1)/100 | F32: 288.64 | G32: 288.64 | K32: 263 | L32: 263 | O32: 16 | P32: 14.56
A33: 8 | B33: ТЕРп01-11-013-01 | C33: Замер полного сопротивления цепи «фаза-нуль» | D33: 1 токоприемник | E33: 91 | F33: 27.06 | G33: 27.06 | K33: 2462 | L33: 2462 | O33: 1.5 | P33: 136.5
A34: 9 | B34: ТЕРп01-11-024-01 | C34: Фазировка электрической линии или трансформатора с сетью напряжением до 1 кВ | D34: 1 фазировка | E34: 86 1+3+82 | F34: 18.04 | G34: 18.04 | K34: 1551 | L34: 1551 | O34: 1 | P34: 86
A35: Заземление
A36: 10 | B36: ТЕРп01-11-010-01 | C36: Измерение сопротивления растеканию тока заземлителя | D36: 1 измерение | E36: 15 | F36: 27.06 | G36: 27.06 | K36: 406 | L36: 406 | O36: 1.5 | P36: 22.5
A37: 11 | B37: ТЕРп01-11-010-02 | C37: Измерение сопротивления растеканию тока контура с диагональю до 20 м | D37: 1 измерение | E37: 3 | F37: 36.08 | G37: 36.08 | K37: 108 | L37: 108 | O37: 2 | P37: 6
A38: Кабели
A39: 12 | B39: ТЕРп01-12-027-01 | C39: Испытание кабеля силового длиной до 500 м напряжением до 10 кВ | D39: 1 испытание | E39: 9 4+1+1+1+1+1 | F39: 96.89 | G39: 96.89 | K39: 872 | L39: 872 | O39: 6 | P39: 54
A40: 13 | B40: ТЕРп01-11-028-01 | C40: Измерение сопротивления изоляции мегаомметром кабельных и других линий напряжением до 1 кВ, предназначенных для передачи электроэнергии к распределительным устройствам, щитам, шкафам, коммутационным аппаратам и электропотребителям | D40: 1 линия | E40: 10 | F40: 7.22 | G40: 7.22 | K40: 72 | L40: 72 | O40: 0.4 | P40: 4
A41: Шкафы учета электроэнергии
A42: 14 | B42: ТЕРп01-06-021-01 | C42: Схема разводки трехпроводной системы с количеством панелей (шкафов, ячеек) до 2 | D42: 1 схема | E42: 7 6+1 | F42: 64.59 | G42: 64.59 | K42: 452 | L42: 452 | O42: 4 | P42: 28
A43: 15 | B43: ТЕРп01-11-024-01 | C43: Фазировка электрической линии или трансформатора с сетью напряжением до 1 кВ | D43: 1 фазировка | E43: 60 (6+1+12+1)*3*1 | F43: 18.04 | G43: 18.04 | K43: 1082 | L43: 1082 | O43: 1 | P43: 60
A44: 16 | B44: ТЕРп01-09-010-03 | C44: Функциональная группа управления релейно-контакторная с общим числом внешних блокировочных связей до 10 | D44: 1 шт. | E44: 7 6+1 | F44: 250.28 | G44: 250.28 | K44: 1752 | L44: 1752 | O44: 15 | P44: 105
A45: 17 | B45: ТЕРп01-03-001-01 | C45: Выключатель однополюсный напряжением до 1 кВ с электромагнитным, тепловым или комбинированным расцепителем | D45: 1 шт. | E45: 27 24+3 | F45: 19.85 | G45: 19.85 | K45: 536 | L45: 536 | O45: 1.5 | P45: 40.5
A46: 18 | B46: ТЕРп01-03-002-04 | C46: Выключатель трехполюсный напряжением до 1 кВ с электромагнитным, тепловым или комбинированным расцепителем, номинальный ток до 50 А (1.1.27.ОППри проверке двухполюсного автоматического выключателя ОЗП=0,8; ТЗ=0,8) | D46: 1 шт. | E46: 14 12+2 | F46: 21.18 | G46: 21.18 | K46: 297 | L46: 297 | O46: 1.6 | P46: 22.4
A47: 19 | B47: ТЕРп01-06-010-01 прим. | C47: Блок питания | D47: 1 устройство | E47: 7 6+1 | F47: 142.17 | G47: 142.17 | K47: 995 | L47: 995 | O47: 8 | P47: 56
A48: 20 | B48: ТЕРп01-11-011-01 | C48: Проверка наличия цепи между заземлителями и заземленными элементами | D48: 100 точек | E48: 0,56 (6+1+6+1+1+36+5)/100 | F48: 288.64 | G48: 288.64 | K48: 162 | L48: 162 | O48: 16 | P48: 8.96
A49: 21 | B49: ТЕРп01-11-013-01 | C49: Замер полного сопротивления цепи «фаза-нуль» | D49: 1 токоприемник | E49: 56 | F49: 27.06 | G49: 27.06 | K49: 1515 | L49: 1515 | O49: 1.5 | P49: 84
A50: Итого по разделу 1 Пусконаладочные работы (вхолостую 80%) | K50: 29192 | P50: 799.54
A51: ИТОГИ ПО СМЕТЕ:
A52: Итого прямые затраты по смете в ценах 2001г. | K52: 17800 | L52: 17800 | P52: 999.42
A53: Итого прямые затраты по смете с учетом коэффициентов к итогам | K53: 14240 | L53: 14240 | P53: 799.54
A54: В том числе, справочно:
A55: Пусконаладочные работы (вхолостую 80%) ПЗ=0,8 (ОЗП=0,8; ЭМ=0,8; ЗПМ=0,8; МАТ=0,8; ТЗ=0,8; ТЗМ=0,8) (Поз. 1-21) | K55: -3560 | L55: -3560 | P55: -199.884
A56: Накладные расходы | K56: 9256
A57: В том числе, справочно:
A58: 65% ФОТ (от 14240) (Поз. 1-21) | K58: 9256
A59: Сметная прибыль | K59: 5696
A60: В том числе, справочно:
A61: 40% ФОТ (от 14240) (Поз. 1-21) | K61: 5696
A62: ВСЕГО по смете | K62: 29192 | P62: 799.54
A63: Пусконаладочные работы: 'вхолостую' - 80% | K63: 29192 | P63: 799.54
A64: Итого | K64: 29192 | P64: 799.54
A65: В том числе:
A66: ФОТ | K66: 14240
A67: Накладные расходы | K67: 9256
A68: Сметная прибыль | K68: 5696
A69: ВСЕГО по смете | K69: 29192 | P69: 799.54
B71: Начальник отд. 078 _________________________ Т.М.Ковязина | I71: Составил инженер-сметчик __________________ Н.М.Шарина
I72: 23.12.14 г.
I73: Проверил ведущий инженер __________________ В.В.Воронкова

Sheet 25682
A1: СОГЛАСОВАНО: | E1: ФГУП "Комбинат "Электрохимприбор" | M1: УТВЕРЖДАЮ:
G2: (наименование стройки) | M2: Зам. генерального директора
M3: Е.В.Гордеев
A4: _________________ | M4: _________________
A5: " _____ " ________________ 2014 г. | M5: "______ " __________2014 г.
G6: ЛОКАЛЬНЫЙ СМЕТНЫЙ РАСЧЕТ № 25682
G7: (локальная смета)
C9: на | D9: ПНР. Охранная сигнализация. Административно-бытовой корпус промышленной площадки 5.
H10: (наименование работ и затрат, наименование объекта)
D12: Основание: проект № Р-055/10674-294-ОС изм.1; смета №02-01-08 изм.1
D13: Сметная стоимость прочих _______________________________________________________________________________________________ | J13: ___________________________3,403 | L13: тыс. руб.
D14: Средства на оплату труда _______________________________________________________________________________________________ | J14: ___________________________1,660 | L14: тыс. руб.
D15: Сметная трудоемкость _______________________________________________________________________________________________ | J15: _______________________________________________________________________________________________95,72 | L15: чел.час
D16: Составлен(а) в базовых ценах 2001г. в редакции 2009г.
A18: № пп | B18: Обосно- вание | C18: Наименование | D18: Ед. изм. | E18: Кол. | F18: Стоимость единицы, руб. | J18: Общая стоимость, руб. | N18: Т/з осн. раб.на ед. | O18: Т/з осн. раб. Всего | P18: Т/з мех. на ед. | Q18: Т/з мех. Всего
F19: Всего | G19: В том числе | J19: Всего | K19: В том числе
G20: Осн.З/п | H20: Эк.Маш | I20: З/пМех | K20: Осн.З/п | L20: Эк.Маш | M20: З/пМех
A21: 1 | B21: 2 | C21: 3 | D21: 4 | E21: 5 | F21: 6 | G21: 7 | H21: 8 | I21: 9 | J21: 10 | K21: 11 | L21: 12 | M21: 13 | N21: 14 | O21: 15 | P21: 16 | Q21: 17
A22: Раздел 1. Пусконаладочные работы (в холостую 80%)
A23: 1 | B23: ТЕРп01-10-001-01 | C23: Сбор и реализация сигналов информации устройств защиты, автоматики электрических (0.10 При выполнении пусконаладочных работ на высоте от 2 до 8м ОЗП=1,1; ТЗ=1,1) | D23: сигнал | E23: 57 27+17+4+8+1 | F23: 27.48 | G23: 27.48 | J23: 1566 | K23: 1566 | N23: 1.65 | O23: 94.05
A24: 2 | B24: ТЕРп01-06-010-01 | C24: Источник бесперебойного питания | D24: 1 устройство | E24: 1 | F24: 142.17 | G24: 142.17 | J24: 142 | K24: 142 | N24: 8 | O24: 8
A25: 3 | B25: ТЕРп02-01-002-01 | C25: Автоматизированная система управления II категории технической сложности с количеством каналов: 2 | D25: система | E25: 1 | F25: 367.24 | G25: 367.24 | J25: 367 | K25: 367 | N25: 17.6 | O25: 17.6
A26: Итого по разделу 1 Пусконаладочные работы (в холостую 80%) | J26: 3403 | O26: 95.72
A27: ИТОГИ ПО СМЕТЕ:
A28: Итого прямые затраты по смете в ценах 2001г. | J28: 2075 | K28: 2075 | O28: 119.65
A29: Итого прямые затраты по смете с учетом коэффициентов к итогам | J29: 1660 | K29: 1660 | O29: 95.72
A30: В том числе, справочно:
A31: Пусконаладочные работы (вхолостую 80%) ПЗ=0,8 (ОЗП=0,8; ЭМ=0,8; ЗПМ=0,8; МАТ=0,8; ТЗ=0,8; ТЗМ=0,8) (Поз. 1-3) | J31: -415 | K31: -415 | O31: -23.93
A32: Накладные расходы | J32: 1079
A33: В том числе, справочно:
A34: 65% ФОТ (от 1660) (Поз. 1-3) | J34: 1079
A35: Сметная прибыль | J35: 664
A36: В том числе, справочно:
A37: 40% ФОТ (от 1660) (Поз. 1-3) | J37: 664
A38: ВСЕГО по смете | J38: 3403 | O38: 95.72
A39: Итого | J39: 3403 | O39: 95.72
A40: В том числе:
A41: ФОТ | J41: 1660
A42: Накладные расходы | J42: 1079
A43: Сметная прибыль | J43: 664
A44: ВСЕГО по смете | J44: 3403 | O44: 95.72
B46: Начальник отд. 078 _________________________ Т.М.Ковязина | I46: Составил ведущий инженер __________________ В.В.Воронкова
I47: 23.12.14 г.

Sheet 25681
A1: СОГЛАСОВАНО: | E1: ФГУП "Комбинат "Электрохимприбор" | M1: УТВЕРЖДАЮ:
G2: (наименование стройки) | M2: Зам. генерального директора
M3: Е.В.Гордеев
A4: _________________ | M4: _________________
A5: " _____ " ________________ 2014 г. | M5: "______ " __________2014 г.
G6: ЛОКАЛЬНЫЙ СМЕТНЫЙ РАСЧЕТ № 25681
G7: (локальная смета)
C9: на | D9: ПНР. Пожарная сигнализация. Административно-бытовой корпус промышленной площадки 5.
H10: (наименование работ и затрат, наименование объекта)
D12: Основание: проект № Р-055/10674-294-ПС изм.1; смета №02-01-07 изм.1
D13: Сметная стоимость прочих _______________________________________________________________________________________________ | J13: ___________________________3,333 | L13: тыс. руб.
D14: Средства на оплату труда _______________________________________________________________________________________________ | J14: ___________________________1,626 | L14: тыс. руб.
D15: Сметная трудоемкость _______________________________________________________________________________________________ | J15: _______________________________________________________________________________________________96,56 | L15: чел.час
D16: Составлен(а) в базовых ценах 2001г. в редакции 2009г.
A18: № пп | B18: Обосно- вание | C18: Наименование | D18: Ед. изм. | E18: Кол. | F18: Стоимость единицы, руб. | J18: Общая стоимость, руб. | N18: Т/з осн. раб.на ед. | O18: Т/з осн. раб. Всего | P18: Т/з мех. на ед. | Q18: Т/з мех. Всего
F19: Всего | G19: В том числе | J19: Всего | K19: В том числе
G20: Осн.З/п | H20: Эк.Маш | I20: З/пМех | K20: Осн.З/п | L20: Эк.Маш | M20: З/пМех
A21: 1 | B21: 2 | C21: 3 | D21: 4 | E21: 5 | F21: 6 | G21: 7 | H21: 8 | I21: 9 | J21: 10 | K21: 11 | L21: 12 | M21: 13 | N21: 14 | O21: 15 | P21: 16 | Q21: 17
A22: Раздел 1. Пусконаладочные работы (в холостую 80%)
A23: Пусконаладочные работы пожарной сигнализации и СОУЭ
A24: 1 | B24: ТЕРп01-10-001-01 | C24: Сбор и реализация сигналов информации устройств защиты, автоматики электрических (0.10 При выполнении пусконаладочных работ на высоте от 2 до 8м ОЗП=1,1; ТЗ=1,1) | D24: сигнал | E24: 34 4+18+10+2 | F24: 27.48 | G24: 27.48 | J24: 934 | K24: 934 | N24: 1.65 | O24: 56.1
A25: 2 | B25: ТЕРп01-10-010-01 | C25: Схема контроля изоляции электрической сети: с помощью электроизмерительных приборов | D25: схема | E25: 2 | F25: 69.32 | G25: 69.32 | J25: 139 | K25: 139 | N25: 6 | O25: 12
A26: 3 | B26: ТЕРп02-01-002-01 | C26: Автоматизированная система управления II категории технической сложности с количеством каналов: 2 | D26: система | E26: 1 | F26: 367.24 | G26: 367.24 | J26: 367 | K26: 367 | N26: 17.6 | O26: 17.6
A27: 4 | B27: ТЕРп01-06-010-01 | C27: Источник бесперебойного питания | D27: 1 устройство | E27: 1 | F27: 142.17 | G27: 142.17 | J27: 142 | K27: 142 | N27: 8 | O27: 8
A28: 5 | B28: ТЕРп01-06-021-01 | C28: Схема разводки трехпроводной системы с количеством панелей (шкафов, ячеек) до 2 | D28: 1 схема | E28: 1 | F28: 64.59 | G28: 64.59 | J28: 65 | K28: 65 | N28: 4 | O28: 4
A29: 6 | B29: ТЕРп01-11-024-01 | C29: Фазировка электрической линии или трансформатора с сетью напряжением до 1 кВ | D29: 1 фазировка | E29: 1 | F29: 18.04 | G29: 18.04 | J29: 18 | K29: 18 | N29: 1 | O29: 1
A30: Пусконаладочные работы автоматического отключения вентиляции при пожаре
A31: 7 | B31: ТЕРп01-09-010-04 | C31: Функциональная группа управления релейно-контакторная с общим числом внешних блокировочных связей до: 20 | D31: шт. | E31: 1 | F31: 367.29 | G31: 367.29 | J31: 367 | K31: 367 | N31: 22 | O31: 22
A32: Итого по разделу 1 Пусконаладочные работы (в холостую 80%) | J32: 3333 | O32: 96.56
A33: ИТОГИ ПО СМЕТЕ:
A34: Итого прямые затраты по смете в ценах 2001г. | J34: 2032 | K34: 2032 | O34: 120.7
A35: Итого прямые затраты по смете с учетом коэффициентов к итогам | J35: 1626 | K35: 1626 | O35: 96.56
A36: В том числе, справочно:
A37: Пусконаладочные работы (вхолостую 80%) ПЗ=0,8 (ОЗП=0,8; ЭМ=0,8; ЗПМ=0,8; МАТ=0,8; ТЗ=0,8; ТЗМ=0,8) (Поз. 1-7) | J37: -406 | K37: -406 | O37: -24.14
A38: Накладные расходы | J38: 1057
A39: В том числе, справочно:
A40: 65% ФОТ (от 1626) (Поз. 1-7) | J40: 1057
A41: Сметная прибыль | J41: 650
A42: В том числе, справочно:
A43: 40% ФОТ (от 1626) (Поз. 1-7) | J43: 650
A44: ВСЕГО по смете | J44: 3333 | O44: 96.56
A45: Итого | J45: 3333 | O45: 96.56
A46: В том числе:
A47: ФОТ | J47: 1626
A48: Накладные расходы | J48: 1057
A49: Сметная прибыль | J49: 650
A50: ВСЕГО по смете | J50: 3333 | O50: 96.56
B52: Начальник отд. 078 _________________________ Т.М.Ковязина | I52: Составил ведущий инженер __________________ В.В.Воронкова
I53: 23.12.14 г.

Sheet 25680
A1: СОГЛАСОВАНО: | E1: ФГУП "Комбинат "Электрохимприбор" | M1: УТВЕРЖДАЮ:
G2: (наименование стройки) | M2: Зам. генерального директора
M3: Е.В.Гордеев
A4: _________________ | M4: _________________
A5: " _____ " ________________ 2014 г. | M5: "______ " __________2014 г.
G7: ЛОКАЛЬНЫЙ СМЕТНЫЙ РАСЧЕТ № 25680
G8: (локальная смета)
C10: на | D10: ПНР. Внутренние сети связи. Административно-бытовой корпус промышленной площадки 5.
G11: (наименование работ и затрат, наименование объекта)
D13: Основание: проект № Р-055/10674-294-СС изм.1; смета № 02-01-06 изм.1
D14: Сметная стоимость ПНР "в холостую 80%"_______________________________________________________________________________________________ | J14: ___________________________2,598 | L14: тыс. руб.
D15: Средства на оплату труда _______________________________________________________________________________________________ | J15: ___________________________1,267 | L15: тыс. руб.
D16: Сметная трудоемкость _______________________________________________________________________________________________ | J16: _______________________________________________________________________________________________67,34 | L16: чел.час
D17: Составлен(а) в базовых ценах 2001г. в редакции 2009г.
A19: № пп | B19: Обосно- вание | C19: Наименование | D19: Ед. изм. | E19: Кол. | F19: Стоимость единицы, руб. | J19: Общая стоимость, руб. | O19: Т/з осн. раб.на ед. | P19: Т/з осн. раб. Всего | Q19: Общая масса обору-дования, т
F20: Всего | G20: В том числе | J20: Обору- дование | K20: Всего | L20: В том числе
G21: Осн.З/п | H21: Эк.Маш | I21: З/пМех | L21: Осн.З/п | M21: Эк.Маш | N21: З/пМех
A22: 1 | B22: 2 | C22: 3 | D22: 4 | E22: 5 | F22: 6 | G22: 7 | H22: 8 | I22: 9 | J22: 10 | K22: 11 | L22: 12 | M22: 13 | N22: 14 | O22: 15 | P22: 16 | Q22: 17
A23: Раздел 1. Пусконаладочные работы (вхолостую 80%)
A24: 1 | B24: ТЕРп02-01-001-01 | C24: Автоматизированная система управления I категории технической сложности с количеством каналов (Кобщ) 2 | D24: 1 система | E24: 1 | F24: 267.73 | G24: 267.73 | K24: 268 | L24: 268 | O24: 13.4 | P24: 13.4
A25: 2 | B25: ТЕРп02-01-001-02 | C25: Автоматизированная система управления I категории технической сложности с количеством каналов (Кобщ) за каждый канал свыше 2 до 9 добавлять к расценке 02-01-001-01 | D25: 1 канал | E25: 4 | F25: 128.87 | G25: 128.87 | K25: 515 | L25: 515 | O25: 6.45 | P25: 25.8
A26: 3 | B26: ТЕРп01-06-010-01 | C26: Источник бесперебойного питания | D26: 1 устройство | E26: 1 | F26: 142.17 | G26: 142.17 | K26: 142 | L26: 142 | O26: 8 | P26: 8
A27: 4 | B27: ТЕРп01-06-002-01 | C27: Коммутатор | D27: 1 шт. | E27: 1 | F27: 568.67 | G27: 568.67 | K27: 569 | L27: 569 | O27: 32 | P27: 32
A28: 5 | B28: ТЕРп01-11-013-01 | C28: Замер полного сопротивления цепи «фаза-нуль» | D28: 1 токоприемник | E28: 3 | F28: 27.06 | G28: 27.06 | K28: 81 | L28: 81 | O28: 1.5 | P28: 4.5
A29: 6 | B29: ТЕРп01-11-011-01 | C29: Проверка наличия цепи между заземлителями и заземленными элементами | D29: 100 точек | E29: 0,03 3/100 | F29: 288.64 | G29: 288.64 | K29: 9 | L29: 9 | O29: 16 | P29: 0.48
A30: Итого по разделу 1 Пусконаладочные работы (вхолостую 80%) | K30: 2598 | P30: 67.34
A31: ИТОГИ ПО СМЕТЕ:
A32: Итого прямые затраты по смете в ценах 2001г. | K32: 1584 | L32: 1584 | P32: 84.18
A33: Итого прямые затраты по смете с учетом коэффициентов к итогам | K33: 1267 | L33: 1267 | P33: 67.34
A34: В том числе, справочно:
A35: Пусконаладочные работы (вхолостую 80%) ПЗ=0,8 (ОЗП=0,8; ЭМ=0,8; ЗПМ=0,8; МАТ=0,8; ТЗ=0,8; ТЗМ=0,8) (Поз. 1-6) | K35: -317 | L35: -317 | P35: -16.836
A36: Накладные расходы | K36: 824
A37: В том числе, справочно:
A38: 65% ФОТ (от 1267) (Поз. 1-6) | K38: 824
A39: Сметная прибыль | K39: 507
A40: В том числе, справочно:
A41: 40% ФОТ (от 1267) (Поз. 1-6) | K41: 507
A42: ВСЕГО по смете | K42: 2598 | P42: 67.34
A43: Пусконаладочные работы: 'вхолостую' - 80% | K43: 2598 | P43: 67.34
A44: Итого | K44: 2598 | P44: 67.34
A45: В том числе:
A46: ФОТ | K46: 1267
A47: Накладные расходы | K47: 824
A48: Сметная прибыль | K48: 507
A49: ВСЕГО по смете | K49: 2598 | P49: 67.34
B51: Начальник отд. 078 _________________________ Т.М.Ковязина | I51: Составил инженер-сметчик __________________ Н.М.Шарина
I52: 18.12.14 г.
I53: Проверил ведущий инженер __________________ В.В.Воронкова

Sheet 25679
A1: СОГЛАСОВАНО: | E1: ФГУП "Комбинат "Электрохимприбор" | M1: УТВЕРЖДАЮ:
G2: (наименование стройки) | M2: Зам. генерального директора
M3: Е.В.Гордеев
A4: _________________ | M4: _________________
A5: " _____ " ________________ 2014 г. | M5: "______ " __________2014 г.
G6: ЛОКАЛЬНЫЙ СМЕТНЫЙ РАСЧЕТ № 25679
G7: (локальная смета)
C9: на | D9: ПНР. Электрооборудование, освещение, автоматизация. Административно-бытовой корпус промышленной площадки 5.
H10: (наименование работ и затрат, наименование объекта)
D12: Основание: проект № Р-055/10674-294-ЭМ изм.1; смета №02-01-05 изм.1
D13: Сметная стоимость прочих _______________________________________________________________________________________________ | J13: ___________________________15,334 | L13: тыс. руб.
D14: Средства на оплату труда _______________________________________________________________________________________________ | J14: ___________________________7,480 | L14: тыс. руб.
D15: Сметная трудоемкость _______________________________________________________________________________________________ | J15: _______________________________________________________________________________________________411,6 | L15: чел.час
D16: Составлен(а) в базовых ценах 2001г. в редакции 2009г.
A18: № пп | B18: Обосно- вание | C18: Наименование | D18: Ед. изм. | E18: Кол. | F18: Стоимость единицы, руб. | J18: Общая стоимость, руб. | N18: Т/з осн. раб.на ед. | O18: Т/з осн. раб. Всего | P18: Т/з мех. на ед. | Q18: Т/з мех. Всего
F19: Всего | G19: В том числе | J19: Всего | K19: В том числе
G20: Осн.З/п | H20: Эк.Маш | I20: З/пМех | K20: Осн.З/п | L20: Эк.Маш | M20: З/пМех
A21: 1 | B21: 2 | C21: 3 | D21: 4 | E21: 5 | F21: 6 | G21: 7 | H21: 8 | I21: 9 | J21: 10 | K21: 11 | L21: 12 | M21: 13 | N21: 14 | O21: 15 | P21: 16 | Q21: 17
A22: Раздел 1. Пусконаладочные работы ("вхолостую" 80%)
A23: 1 | B23: ТЕРп01-06-021-01 | C23: Схема разводки трехпроводной системы с количеством панелей (шкафов, ячеек) до 2 | D23: 1 схема | E23: 7 3+1+1+1+1 | F23: 64.59 | G23: 64.59 | J23: 452 | K23: 452 | N23: 4 | O23: 28
A24: 2 | B24: ТЕРп01-11-024-01 | C24: Фазировка электрической линии или трансформатора с сетью напряжением до 1 кВ | D24: 1 фазировка | E24: 7 | F24: 18.04 | G24: 18.04 | J24: 126 | K24: 126 | N24: 1 | O24: 7
A25: 3 | B25: ТЕРп01-03-002-04 | C25: Выключатель трехполюсный напряжением до 1 кВ с электромагнитным, тепловым или комбинированным расцепителем, номинальный ток до 50 А | D25: 1 шт. | E25: 3 1*3 | F25: 26.47 | G25: 26.47 | J25: 79 | K25: 79 | N25: 2 | O25: 6
A26: 4 | B26: ТЕРп01-03-001-01 | C26: Выключатель однополюсный напряжением до 1 кВ с электромагнитным, тепловым или комбинированным расцепителем | D26: 1 шт. | E26: 29 9*3+1+1 | F26: 19.85 | G26: 19.85 | J26: 576 | K26: 576 | N26: 1.5 | O26: 43.5
A27: 5 | B27: ТЕРп01-11-013-01 | C27: Замер полного сопротивления цепи «фаза-нуль» | D27: 1 токоприемник | E27: 90 7+16+21+4+4+2+33+2+1 | F27: 27.06 | G27: 27.06 | J27: 2435 | K27: 2435 | N27: 1.5 | O27: 135
A28: 6 | B28: ТЕРп01-11-011-01 | C28: Проверка наличия цепи между заземлителями и заземленными элементами | D28: 100 точек | E28: 0,9 90/100 | F28: 288.64 | G28: 288.64 | J28: 260 | K28: 260 | N28: 16 | O28: 14.4
A29: 7 | B29: ТЕРп01-11-028-01 | C29: Измерение сопротивления изоляции мегаомметром кабельных и других линий напряжением до 1 кВ, предназначенных для передачи электроэнергии к распределительным устройствам, щитам, шкафам, коммутационным аппаратам и электропотребителям | D29: 1 линия | E29: 104 2*7+90 | F29: 7.22 | G29: 7.22 | J29: 751 | K29: 751 | N29: 0.4 | O29: 41.6
A30: 8 | B30: ТЕРп01-09-010-01 | C30: Пост управления | D30: 1 шт. | E30: 2 | F30: 83.43 | G30: 83.43 | J30: 167 | K30: 167 | N30: 5 | O30: 10
A31: 9 | B31: ТЕРп01-09-010-02 | C31: Функциональная группа управления релейно-контакторная с общим числом внешних блокировочных связей до 5 | D31: 1 шт. | E31: 1 | F31: 133.48 | G31: 133.48 | J31: 133 | K31: 133 | N31: 8 | O31: 8
A32: 10 | B32: ТЕРп01-11-010-02 | C32: Измерение сопротивления растеканию тока контура с диагональю до 20 м | D32: 1 измерение | E32: 1 | F32: 36.08 | G32: 36.08 | J32: 36 | K32: 36 | N32: 2 | O32: 2
A33: 11 | B33: ТЕРп01-07-004-01 | C33: Электродвигатель переменного тока напряжением до 1 кВ однофазный (кондиционеры) | D33: 1 шт. | E33: 4 3+1 | F33: 31.82 | G33: 31.82 | J33: 127 | K33: 127 | N33: 2 | O33: 8
A34: 12 | B34: ТЕРп01-09-002-01 | C34: Датчик бесконтактный с числом «вход-выход» до 3 | D34: 1 шт. | E34: 6 2+2+2 | F34: 150.92 | G34: 150.92 | J34: 906 | K34: 906 | N34: 8 | O34: 48
A35: 13 | B35: ТЕРп01-06-010-01 | C35: Источник бесперебойного питания | D35: 1 устройство | E35: 2 | F35: 142.17 | G35: 142.17 | J35: 284 | K35: 284 | N35: 8 | O35: 16
A36: 14 | B36: ТЕРп01-09-013-01 | C36: Контур систем автоматического регулирования параметров 1 с числом органов настройки до 5 | D36: 1 шт. | E36: 1 | F36: 1458.87 | G36: 1458.87 | J36: 1459 | K36: 1459 | N36: 70 | O36: 70
A37: 15 | B37: ТЕРп01-13-020-01 | C37: Технологический комплекс, включающий в себя агрегаты, связанные между собой блокировочными связями, в количестве до 2 шт. | D37: 1 комплекс | E37: 1 | F37: 1559.25 | G37: 1559.25 | J37: 1559 | K37: 1559 | N37: 77 | O37: 77
A38: Итого по разделу 1 Пусконаладочные работы ("вхолостую" 80%) | J38: 15334 | O38: 411.6
A39: ИТОГИ ПО СМЕТЕ:
A40: Итого прямые затраты по смете в ценах 2001г. | J40: 9350 | K40: 9350 | O40: 514.5
A41: Итого прямые затраты по смете с учетом коэффициентов к итогам | J41: 7480 | K41: 7480 | O41: 411.6
A42: В том числе, справочно:
A43: Пусконаладочные работы (вхолостую 80%) ПЗ=0,8 (ОЗП=0,8; ЭМ=0,8; ЗПМ=0,8; МАТ=0,8; ТЗ=0,8; ТЗМ=0,8) (Поз. 1-15) | J43: -1870 | K43: -1870 | O43: -102.9
A44: Накладные расходы | J44: 4862
A45: В том числе, справочно:
A46: 65% ФОТ (от 7480) (Поз. 1-15) | J46: 4862
A47: Сметная прибыль | J47: 2992
A48: В том числе, справочно:
A49: 40% ФОТ (от 7480) (Поз. 1-15) | J49: 2992
A50: ВСЕГО по смете | J50: 15334 | O50: 411.6
A51: Итого | J51: 15334 | O51: 411.6
A52: В том числе:
A53: ФОТ | J53: 7480
A54: Накладные расходы | J54: 4862
A55: Сметная прибыль | J55: 2992
A56: ВСЕГО по смете | J56: 15334 | O56: 411.6
B58: Начальник отд. 078 _________________________ Т.М.Ковязина | I58: Составил ведущий инженер __________________ В.В.Воронкова
I59: 23.12.14 г.

Sheet 25678
A1: СОГЛАСОВАНО: | E1: ФГУП "Комбинат "Электрохимприбор" | M1: УТВЕРЖДАЮ:
G2: (наименование стройки) | M2: Зам. генерального директора
A3: _____________________________ | M3: Е.В.Гордеев
A4: " _____ " ________________ 2014г. | G4: ЛОКАЛЬНЫЙ СМЕТНЫЙ РАСЧЕТ № 25678
G5: (локальная смета) | M5: "______ " __________2014 г.
C7: на | D7: ПНР. Вентиляция. Административно-бытовой корпус промышленной площадки 5.
H8: (наименование работ и затрат, наименование объекта)
D10: Основание: проект № Р-055/10674-294-ОВ изм.1; смета №02-01-04 изм.1
D11: Сметная стоимость прочих _______________________________________________________________________________________________ | J11: ___________________________6,425 | L11: тыс. руб.
D12: Средства на оплату труда _______________________________________________________________________________________________ | J12: ___________________________3,134 | L12: тыс. руб.
D13: Сметная трудоемкость _______________________________________________________________________________________________ | J13: _______________________________________________________________________________________________220,3 | L13: чел.час
D14: Составлен(а) в базовых ценах 2001г. в редакции 2009г.
A17: № пп | B17: Обосно- вание | C17: Наименование | D17: Ед. изм. | E17: Кол. | F17: Стоимость единицы, руб. | J17: Общая стоимость, руб. | N17: Т/з осн. раб.на ед. | O17: Т/з осн. раб. Всего | P17: Т/з мех. на ед. | Q17: Т/з мех. Всего
F18: Всего | G18: В том числе | J18: Всего | K18: В том числе
G19: Осн.З/п | H19: Эк.Маш | I19: З/пМех | K19: Осн.З/п | L19: Эк.Маш | M19: З/пМех
A20: 1 | B20: 2 | C20: 3 | D20: 4 | E20: 5 | F20: 6 | G20: 7 | H20: 8 | I20: 9 | J20: 10 | K20: 11 | L20: 12 | M20: 13 | N20: 14 | O20: 15 | P20: 16 | Q20: 17
A21: Раздел 1. Пусконаладочные работы (в холостую 75%) систем вентиляции.
A22: Система П-1
A23: 1 | B23: ТЕРп03-01-007-01 прим. | C23: Приточно-вытяжная установка | D23: 1 устройство | E23: 1 | F23: 185.58 | G23: 185.58 | J23: 186 | K23: 186 | N23: 10 | O23: 10
A24: 2 | B24: ТЕРп03-01-065-01 | C24: Узел технологический регулирования или защиты по параметрам температуры, относительной влажности, давления или расхода (датчики температуры и перепада давления ) | D24: 1 узел | E24: 1 | F24: 247.75 | G24: 247.75 | J24: 248 | K24: 248 | N24: 13 | O24: 13
A25: 3 | B25: ТЕРп03-01-011-01 | C25: Регулировочно-запорное устройство заслонки с электрическим, пневматическим приводом | D25: 1 устройство | E25: 1 | F25: 28.59 | G25: 28.59 | J25: 29 | K25: 29 | N25: 1.5 | O25: 1.5
A26: 4 | B26: ТЕРп03-01-011-06 | C26: Регулировочно-запорное устройство клапан огнезадерживающий | D26: 1 устройство | E26: 1 | F26: 81.95 | G26: 81.95 | J26: 82 | K26: 82 | N26: 4.3 | O26: 4.3
A27: 5 | B27: ТЕРп03-01-022-01 | C27: Сеть систем вентиляции и кондиционирования воздуха при количестве сечений до 5 | D27: 1 вентиляционная сеть | E27: 1 | F27: 190.58 | G27: 190.58 | J27: 191 | K27: 191 | N27: 10 | O27: 10
A28: Система В-1
A29: 6 | B29: ТЕРп03-01-002-09 | C29: Вентилятор осевой | D29: 1 устройство | E29: 1 | F29: 47.96 | G29: 47.96 | J29: 48 | K29: 48 | N29: 2.6 | O29: 2.6
A30: 7 | B30: ТЕРп03-01-011-06 | C30: Регулировочно-запорное устройство клапан огнезадерживающий | D30: 1 устройство | E30: 1 | F30: 81.95 | G30: 81.95 | J30: 82 | K30: 82 | N30: 4.3 | O30: 4.3
A31: 8 | B31: ТЕРп03-01-011-05 | C31: Регулировочно-запорное устройство клапан обратный | D31: 1 устройство | E31: 1 | F31: 53.36 | G31: 53.36 | J31: 53 | K31: 53 | N31: 2.8 | O31: 2.8
A32: 9 | B32: ТЕРп03-01-022-01 | C32: Сеть систем вентиляции и кондиционирования воздуха при количестве сечений до 5 | D32: 1 вентиляционная сеть | E32: 1 | F32: 190.58 | G32: 190.58 | J32: 191 | K32: 191 | N32: 10 | O32: 10
A33: 10 | B33: ТЕРп03-01-001-01 | C33: Шахта вытяжная (узел прохода вытяжных шахт) | D33: 1 устройство | E33: 1 | F33: 25.83 | G33: 25.83 | J33: 26 | K33: 26 | N33: 1.4 | O33: 1.4
A34: Система В-3,В-3"
A35: 11 | B35: ТЕРп03-01-002-09 | C35: Вентилятор осевой | D35: 1 устройство | E35: 2 | F35: 47.96 | G35: 47.96 | J35: 96 | K35: 96 | N35: 2.6 | O35: 5.2
A36: 12 | B36: ТЕРп03-01-022-01 | C36: Сеть систем вентиляции и кондиционирования воздуха при количестве сечений до 5 | D36: 1 вентиляционная сеть | E36: 1 | F36: 190.58 | G36: 190.58 | J36: 191 | K36: 191 | N36: 10 | O36: 10
A37: 13 | B37: ТЕРп03-01-001-01 | C37: Шахта вытяжная (узел прохода вытяжных шахт) | D37: 1 устройство | E37: 1 | F37: 25.83 | G37: 25.83 | J37: 26 | K37: 26 | N37: 1.4 | O37: 1.4
A38: Система ВЕ-1
A39: 14 | B39: ТЕРп03-01-022-01 | C39: Сеть систем вентиляции и кондиционирования воздуха при количестве сечений до 5 | D39: 1 вентиляционная сеть | E39: 1 | F39: 190.58 | G39: 190.58 | J39: 191 | K39: 191 | N39: 10 | O39: 10
A40: 15 | B40: ТЕРп03-01-001-01 | C40: Шахта вытяжная (узел прохода вытяжных шахт) | D40: 1 устройство | E40: 1 | F40: 25.83 | G40: 25.83 | J40: 26 | K40: 26 | N40: 1.4 | O40: 1.4
A41: Система ВЕ-2
A42: 16 | B42: ТЕРп03-01-011-06 | C42: Регулировочно-запорное устройство клапан огнезадерживающий | D42: 1 устройство | E42: 3 | F42: 81.95 | G42: 81.95 | J42: 246 | K42: 246 | N42: 4.3 | O42: 12.9
A43: 17 | B43: ТЕРп03-01-022-01 | C43: Сеть систем вентиляции и кондиционирования воздуха при количестве сечений до 5 | D43: 1 вентиляционная сеть | E43: 1 | F43: 190.58 | G43: 190.58 | J43: 191 | K43: 191 | N43: 10 | O43: 10
A44: 18 | B44: ТЕРп03-01-001-01 | C44: Шахта вытяжная (узел прохода вытяжных шахт) | D44: 1 устройство | E44: 1 | F44: 25.83 | G44: 25.83 | J44: 26 | K44: 26 | N44: 1.4 | O44: 1.4
A45: Система ВЕ-3
A46: 19 | B46: ТЕРп03-01-011-06 | C46: Регулировочно-запорное устройство клапан огнезадерживающий | D46: 1 устройство | E46: 1 | F46: 81.95 | G46: 81.95 | J46: 82 | K46: 82 | N46: 4.3 | O46: 4.3
A47: 20 | B47: ТЕРп03-01-022-01 | C47: Сеть систем вентиляции и кондиционирования воздуха при количестве сечений до 5 | D47: 1 вентиляционная сеть | E47: 1 | F47: 190.58 | G47: 190.58 | J47: 191 | K47: 191 | N47: 10 | O47: 10
A48: 21 | B48: ТЕРп03-01-001-01 | C48: Шахта вытяжная (узел прохода вытяжных шахт) | D48: 1 устройство | E48: 1 | F48: 25.83 | G48: 25.83 | J48: 26 | K48: 26 | N48: 1.4 | O48: 1.4
A49: Система ВЕ-4
A50: 22 | B50: ТЕРп03-01-022-01 | C50: Сеть систем вентиляции и кондиционирования воздуха при количестве сечений до 5 | D50: 1 вентиляционная сеть | E50: 1 | F50: 190.58 | G50: 190.58 | J50: 191 | K50: 191 | N50: 10 | O50: 10
A51: 23 | B51: ТЕРп03-01-001-01 | C51: Шахта вытяжная (узел прохода вытяжных шахт) | D51: 1 устройство | E51: 1 | F51: 25.83 | G51: 25.83 | J51: 26 | K51: 26 | N51: 1.4 | O51: 1.4
A52: Система ВЕ-5
A53: 24 | B53: ТЕРп03-01-022-01 | C53: Сеть систем вентиляции и кондиционирования воздуха при количестве сечений до 5 | D53: 1 вентиляционная сеть | E53: 1 | F53: 190.58 | G53: 190.58 | J53: 191 | K53: 191 | N53: 10 | O53: 10
A54: 25 | B54: ТЕРп03-01-001-01 | C54: Шахта вытяжная (узел прохода вытяжных шахт) | D54: 1 устройство | E54: 1 | F54: 25.83 | G54: 25.83 | J54: 26 | K54: 26 | N54: 1.4 | O54: 1.4
A55: Система ВТ-1
A56: 26 | B56: ТЕРп03-01-022-01 | C56: Сеть систем вентиляции и кондиционирования воздуха при количестве сечений до 5 | D56: 1 вентиляционная сеть | E56: 1 | F56: 190.58 | G56: 190.58 | J56: 191 | K56: 191 | N56: 10 | O56: 10
A57: 27 | B57: ТЕРп03-01-001-01 | C57: Шахта вытяжная (узел прохода вытяжных шахт) | D57: 1 устройство | E57: 1 | F57: 25.83 | G57: 25.83 | J57: 26 | K57: 26 | N57: 1.4 | O57: 1.4
A58: Система ВТ-2
A59: 28 | B59: ТЕРп03-01-022-01 | C59: Сеть систем вентиляции и кондиционирования воздуха при количестве сечений до 5 | D59: 1 вентиляционная сеть | E59: 1 | F59: 190.58 | G59: 190.58 | J59: 191 | K59: 191 | N59: 10 | O59: 10
A60: 29 | B60: ТЕРп03-01-001-01 | C60: Шахта вытяжная (узел прохода вытяжных шахт) | D60: 1 устройство | E60: 1 | F60: 25.83 | G60: 25.83 | J60: 26 | K60: 26 | N60: 1.4 | O60: 1.4
A61: Система У-1,У-2
A62: 30 | B62: ТЕРп03-01-007-01 | C62: Завеса воздушно-тепловая | D62: 1 устройство | E62: 2 | F62: 185.58 | G62: 185.58 | J62: 371 | K62: 371 | N62: 10 | O62: 20
A63: Итого по разделу 1 Пусконаладочные работы (в холостую 75%) систем вентиляции. | J63: 5638 | O63: 193.5
A64: Раздел 2. Пусконаладочные работы (в холостую 75%) систем кондиционирования _x000D_ Новый Раздел
A65: Система К-1, К-2, К-3, К-4
A66: 31 | B66: ТЕРп03-01-075-01 прим. | C66: Кондиционер | D66: 1 кондиционер | E66: 4 | F66: 127.69 | G66: 127.69 | J66: 511 | K66: 511 | N66: 6.7 | O66: 26.8
A67: Итого по разделу 2 Пусконаладочные работы (в холостую 75%) систем кондиционирования _x000D_ Новый Раздел | J67: 785 | O67: 26.8
A68: ИТОГИ ПО СМЕТЕ:
A69: Итого прямые затраты по смете в ценах 2001г. | J69: 4178 | K69: 4178 | O69: 220.3
A70: Итого прямые затраты по смете с учетом коэффициентов к итогам | J70: 3134 | K70: 3134 | O70: 220.3
A71: В том числе, справочно:
A72: Пусконаладочные работы: (вхолостую 75%) ПЗ=0,75 (ОЗП=0,75; ЭМ=0,75; ЗПМ=0,75; МАТ=0,75) (Поз. 1-31) | J72: -1044 | K72: -1044
A73: Накладные расходы | J73: 2037
A74: В том числе, справочно:
A75: 65% ФОТ (от 3134) (Поз. 1-31) | J75: 2037
A76: Сметная прибыль | J76: 1254
A77: В том числе, справочно:
A78: 40% ФОТ (от 3134) (Поз. 1-31) | J78: 1254
A79: ВСЕГО по смете | J79: 6425 | O79: 220.3
A80: Пусконаладочные работы: 'вхолостую' - 75% | J80: 6425 | O80: 220.3
A81: Итого | J81: 6425 | O81: 220.3
A82: В том числе:
A83: ФОТ | J83: 3134
A84: Накладные расходы | J84: 2037
A85: Сметная прибыль | J85: 1254
A86: ВСЕГО по смете | J86: 6425 | O86: 220.3
B88: Начальник отд.078 _________________________Т.М.Ковязина | I88: Составил инженер-сметчик __________________ Н.А.Батаева
I89: 23.10.14г.
I90: Ведущий инженер отд.078____________________ В.В.Воронкова

Sheet 25754
A1: СОГЛАСОВАНО: | E1: ФГУП "Комбинат "Электрохимприбор" | M1: УТВЕРЖДАЮ:
G2: (наименование стройки) | M2: Зам. генерального директора
A3: _____________________________ | M3: Е.В.Гордеев
A4: " _____ " ________________ 2015г. | G4: ЛОКАЛЬНЫЙ СМЕТНЫЙ РАСЧЕТ № 25754
G5: (Дополнение к см 24702 ) | M5: "______ " __________2015 г.
C7: на | D7: Реконструкцию. Площадка 1 Здание 132 Помещение 119 (инв.№ 6200280) Кондиционирование.
D8: Раздел: Пусконаладочные работы.
H9: (наименование работ и затрат, наименование объекта)
D11: Основание: Проект № 24482-12-ОВ КПМ-2012 Ж9292.121 | N11: Справочно, в тыс.руб. :
D12: Сметная стоимость прочих _______________________________________________________________________________________________ | J12: ___________________________0,237 | L12: тыс. руб. | N12: с К=10,00 | P12: =ROUND(0.237*10,3) -> 2.37
D13: Средства на оплату труда _______________________________________________________________________________________________ | J13: ___________________________0,116 | L13: тыс. руб.
D14: Сметная трудоемкость _______________________________________________________________________________________________ | J14: _______________________________________________________________________________________________7,71 | L14: чел.час
D15: Составлен(а) в базовых ценах 2001г. в редакции 2009г.
A18: № пп | B18: Обосно- вание | C18: Наименование | D18: Ед. изм. | E18: Кол. | F18: Стоимость единицы, руб. | J18: Общая стоимость, руб. | N18: Т/з осн. раб.на ед. | O18: Т/з осн. раб. Всего | P18: Т/з мех. на ед. | Q18: Т/з мех. Всего
F19: Всего | G19: В том числе | J19: Всего | K19: В том числе
G20: Осн.З/п | H20: Эк.Маш | I20: З/пМех | K20: Осн.З/п | L20: Эк.Маш | M20: З/пМех
A21: 1 | B21: 2 | C21: 3 | D21: 4 | E21: 5 | F21: 6 | G21: 7 | H21: 8 | I21: 9 | J21: 10 | K21: 11 | L21: 12 | M21: 13 | N21: 14 | O21: 15 | P21: 16 | Q21: 17
A22: Раздел 1. Пусконаладочные работы: 'вхолостую' - 75%
A23: Кондиционирование
A24: 1 | B24: ТЕРп03-01-075-01 прим. | C24: Кондиционер с теплохолодоснабжением, сплит-системы CS-E24M KD inverter Panasonic | D24: 1 кондиционер | E24: 1 | F24: 127.69 | G24: 127.69 | J24: 128 | K24: 128 | N24: 6.7 | O24: 6.7
A25: Итого по разделу 1 Пусконаладочные работы: 'вхолостую' - 75% | J25: 237 | O25: 7.71
A26: ИТОГИ ПО СМЕТЕ:
A27: Итого прямые затраты по смете в ценах 2001г. | J27: 128 | K27: 128 | O27: 6.7
A28: Итого прямые затраты по смете с учетом коэффициентов к итогам | J28: 116 | K28: 116 | O28: 7.71
A29: В том числе, справочно:
A30: Районный к-т 4,3% (Поз. 1) | J30: 6 | K30: 6
A31: 3. ПНР на действующих предприятиях ОЗП=1,15; ТЗ=1,15 (Поз. 1) | J31: 20 | K31: 20 | O31: 1.005
A32: Пусконаладочные работы: (вхолостую 75%) ПЗ=0,75 (ОЗП=0,75; ЭМ=0,75; ЗПМ=0,75; МАТ=0,75) (Поз. 1) | J32: -38 | K32: -38
A33: Накладные расходы | J33: 75
A34: В том числе, справочно:
A35: 65% ФОТ (от 116) (Поз. 1) | J35: 75
A36: Сметная прибыль | J36: 46
A37: В том числе, справочно:
A38: 40% ФОТ (от 116) (Поз. 1) | J38: 46
A39: ВСЕГО по смете | J39: 237 | O39: 7.71
A40: Пусконаладочные работы: 'вхолостую' - 75%, | J40: 237 | O40: 7.71
A41: Итого | J41: 237 | O41: 7.71
A42: В том числе:
A43: ФОТ | J43: 116
A44: Накладные расходы | J44: 75
A45: Сметная прибыль | J45: 46
A46: ВСЕГО по смете | J46: 237 | O46: 7.71
B48: Начальник отд.078 _________________________Т.М.Ковязина | I48: Составил инженер-сметчик __________________ Н.А.Батаева
I49: 11.03.15г.

Sheet 25755
A1: СОГЛАСОВАНО: | E1: ФГУП "Комбинат "Электрохимприбор" | M1: УТВЕРЖДАЮ:
G2: (наименование стройки) | M2: Зам. генерального директора
A3: _____________________________ | M3: Е.В.Гордеев
A4: " _____ " ________________ 2015г. | G4: ЛОКАЛЬНЫЙ СМЕТНЫЙ РАСЧЕТ № 25755
G5: (Дополнение к см 24660) | M5: "______ " __________2015 г.
C7: на | D7: Пусконаладочные работы. Площадка 2 Здание 238 (инв.№ 5600310) Вентиляция.
H8: (наименование работ и затрат, наименование объекта)
D10: Основание: Проект № 23141-08-ОВ КПМ-У7083.010 | N10: Справочно, в тыс.руб. :
D11: Сметная стоимость прочих _______________________________________________________________________________________________ | J11: ___________________________2,841 | L11: тыс. руб. | N11: с К=10,00 | P11: =ROUND(2.841*10,3) -> 28.41
D12: Средства на оплату труда _______________________________________________________________________________________________ | J12: ___________________________1,386 | L12: тыс. руб.
D13: Сметная трудоемкость _______________________________________________________________________________________________ | J13: _______________________________________________________________________________________________93,15 | L13: чел.час
D14: Составлен(а) в базовых ценах 2001г. в редакции 2009г.
A17: № пп | B17: Обосно- вание | C17: Наименование | D17: Ед. изм. | E17: Кол. | F17: Стоимость единицы, руб. | J17: Общая стоимость, руб. | N17: Т/з осн. раб.на ед. | O17: Т/з осн. раб. Всего | P17: Т/з мех. на ед. | Q17: Т/з мех. Всего
F18: Всего | G18: В том числе | J18: Всего | K18: В том числе
G19: Осн.З/п | H19: Эк.Маш | I19: З/пМех | K19: Осн.З/п | L19: Эк.Маш | M19: З/пМех
A20: 1 | B20: 2 | C20: 3 | D20: 4 | E20: 5 | F20: 6 | G20: 7 | H20: 8 | I20: 9 | J20: 10 | K20: 11 | L20: 12 | M20: 13 | N20: 14 | O20: 15 | P20: 16 | Q20: 17
A21: Раздел 1. Пусконаладочные работы: (вхолостую 75%)
A22: Система В-4
A23: 1 | B23: ТЕРп03-01-002-14 | C23: Вентилятор радиальный (центробежный), диаметральный или крышный | D23: 1 устройство | E23: 1 | F23: 129.91 | G23: 129.91 | J23: 130 | K23: 130 | N23: 7 | O23: 7
A24: 2 | B24: ТЕРп03-01-022-01 | C24: Сеть систем вентиляции и кондиционирования воздуха при количестве сечений до 5 | D24: 1 вентиляционная сеть | E24: 1 | F24: 190.58 | G24: 190.58 | J24: 191 | K24: 191 | N24: 10 | O24: 10
A25: Система ПК-1
A26: 3 | B26: ТЕРп03-01-070-01 | C26: Кондиционер местный автономный | D26: 1 кондиционер | E26: 2 | F26: 514.57 | G26: 514.57 | J26: 1029 | K26: 1029 | N26: 27 | O26: 54
A27: 4 | B27: ТЕРп03-01-022-01 | C27: Сеть систем вентиляции и кондиционирования воздуха при количестве сечений до 5 | D27: 1 вентиляционная сеть | E27: 1 | F27: 190.58 | G27: 190.58 | J27: 191 | K27: 191 | N27: 10 | O27: 10
A28: Итого по разделу 1 Пусконаладочные работы: (вхолостую 75%) | J28: 2841 | O28: 93.15
A29: ИТОГИ ПО СМЕТЕ:
A30: Итого прямые затраты по смете в ценах 2001г. | J30: 1541 | K30: 1541 | O30: 81
A31: Итого прямые затраты по смете с учетом коэффициентов к итогам | J31: 1386 | K31: 1386 | O31: 93.15
A32: В том числе, справочно:
A33: Районный к-т 4,3% (Поз. 1-4) | J33: 66 | K33: 66
A34: ПНР на действующих предприятиях ОЗП=1,15; ТЗ=1,15 (Поз. 1-4) | J34: 241 | K34: 241 | O34: 12.15
A35: Пусконаладочные работы: (вхолостую 75%) ПЗ=0,75 (ОЗП=0,75; ЭМ=0,75; ЗПМ=0,75; МАТ=0,75) (Поз. 1-4) | J35: -462 | K35: -462
A36: Накладные расходы | J36: 901
A37: В том числе, справочно:
A38: 65% ФОТ (от 1386) (Поз. 1-4) | J38: 901
A39: Сметная прибыль | J39: 554
A40: В том числе, справочно:
A41: 40% ФОТ (от 1386) (Поз. 1-4) | J41: 554
A42: ВСЕГО по смете | J42: 2841 | O42: 93.15
A43: Пусконаладочные работы: 'вхолостую' - 75% | J43: 2841 | O43: 93.15
A44: Итого | J44: 2841 | O44: 93.15
A45: В том числе:
A46: ФОТ | J46: 1386
A47: Накладные расходы | J47: 901
A48: Сметная прибыль | J48: 554
A49: ВСЕГО по смете | J49: 2841 | O49: 93.15
B52: Начальник отд.078 _________________________Т.М.Ковязина | I52: Составил инженер-сметчик __________________ Н.А.Батаева
I53: 11.03.15г.

Sheet 25756
A1: СОГЛАСОВАНО: | E1: ФГУП "Комбинат "Электрохимприбор" | M1: УТВЕРЖДАЮ:
G2: (наименование стройки) | M2: Зам. генерального директора
A3: _____________________________ | M3: Е.В.Гордеев
A4: " _____ " ________________ 2015г. | G4: ЛОКАЛЬНЫЙ СМЕТНЫЙ РАСЧЕТ № 25756
G5: (Дополнение к см 25104 изм.) | M5: "______ " __________2015 г.
C7: на | D7: Реконструкцию участка вакуумной термообработки изделий. Площадка 1
D8: Здание 303 (инв.№ 5300336) Вентиляция. Раздел: Пусконаладочные работы
G9: (наименование работ и затрат, наименование объекта)
D11: Основание: Проект № 24738-13-ОВ | N11: Справочно, в тыс.руб. :
D12: Сметная стоимость прочих _______________________________________________________________________________________________ | J12: ___________________________2,188 | L12: тыс. руб. | N12: с К=10,00 | P12: =ROUND(2.188*10,3) -> 21.88
D13: Средства на оплату труда _______________________________________________________________________________________________ | J13: ___________________________1,067 | L13: тыс. руб.
D14: Сметная трудоемкость _______________________________________________________________________________________________ | J14: _______________________________________________________________________________________________71,88 | L14: чел.час
D15: Составлен(а) в базовых ценах 2001г. в редакции 2009г.
A18: № пп | B18: Обосно- вание | C18: Наименование | D18: Ед. изм. | E18: Кол. | F18: Стоимость единицы, руб. | J18: Общая стоимость, руб. | N18: Т/з осн. раб.на ед. | O18: Т/з осн. раб. Всего | P18: Т/з мех. на ед. | Q18: Т/з мех. Всего
F19: Всего | G19: В том числе | J19: Всего | K19: В том числе
G20: Осн.З/п | H20: Эк.Маш | I20: З/пМех | K20: Осн.З/п | L20: Эк.Маш | M20: З/пМех
A21: 1 | B21: 2 | C21: 3 | D21: 4 | E21: 5 | F21: 6 | G21: 7 | H21: 8 | I21: 9 | J21: 10 | K21: 11 | L21: 12 | M21: 13 | N21: 14 | O21: 15 | P21: 16 | Q21: 17
A22: Раздел 1. Пусконаладочные работы: (вхолостую 75%)
A23: Система П-4.
A24: 1 | B24: ТЕРп03-01-011-05 | C24: Регулировочно-запорное устройство клапан обратный | D24: 1 устройство | E24: 1 | F24: 53.36 | G24: 53.36 | J24: 53 | K24: 53 | N24: 2.8 | O24: 2.8
A25: 2 | B25: ТЕРп03-01-011-01 | C25: Регулировочно-запорное устройство клапан воздушный проходной с электрическим, пневматическим приводом | D25: 1 устройство | E25: 1 | F25: 28.59 | G25: 28.59 | J25: 29 | K25: 29 | N25: 1.5 | O25: 1.5
A26: 3 | B26: ТЕРп03-01-022-01 | C26: Сеть систем вентиляции и кондиционирования воздуха при количестве сечений до 5 | D26: 1 вентиляционная сеть | E26: 1 | F26: 190.58 | G26: 190.58 | J26: 191 | K26: 191 | N26: 10 | O26: 10
A27: Система В-3*
A28: 4 | B28: ТЕРп03-01-002-09 | C28: Вентилятор осевой | D28: 1 устройство | E28: 1 | F28: 47.96 | G28: 47.96 | J28: 48 | K28: 48 | N28: 2.6 | O28: 2.6
A29: 5 | B29: ТЕРп03-01-022-01 | C29: Сеть систем вентиляции и кондиционирования воздуха при количестве сечений до 5 | D29: 1 вентиляционная сеть | E29: 1 | F29: 190.58 | G29: 190.58 | J29: 191 | K29: 191 | N29: 10 | O29: 10
A30: Система В-1*,В-2*
A31: 6 | B31: ТЕРп03-01-002-13 | C31: Вентилятор радиальный (центробежный), диаметральный или крышный до массой до 0,05т | D31: 1 устройство | E31: 2 | F31: 92.79 | G31: 92.79 | J31: 186 | K31: 186 | N31: 5 | O31: 10
A32: 7 | B32: ТЕРп03-01-011-05 | C32: Регулировочно-запорное устройство клапан обратный | D32: 1 устройство | E32: 2 | F32: 53.36 | G32: 53.36 | J32: 107 | K32: 107 | N32: 2.8 | O32: 5.6
A33: 8 | B33: ТЕРп03-01-022-01 | C33: Сеть систем вентиляции и кондиционирования воздуха при количестве сечений до 5 | D33: 1 вентиляционная сеть | E33: 2 | F33: 190.58 | G33: 190.58 | J33: 381 | K33: 381 | N33: 10 | O33: 20
A34: Итого по разделу 1 Пусконаладочные работы: (вхолостую 75%) | J34: 2188 | O34: 71.88
A35: ИТОГИ ПО СМЕТЕ:
A36: Итого прямые затраты по смете в ценах 2001г. | J36: 1186 | K36: 1186 | O36: 62.5
A37: Итого прямые затраты по смете с учетом коэффициентов к итогам | J37: 1067 | K37: 1067 | O37: 71.88
A38: В том числе, справочно:
A39: Районный к-т 4,3% (Поз. 1-8) | J39: 51 | K39: 51
A40: ПНР на действующих предприятиях ОЗП=1,15; ТЗ=1,15 (Поз. 1-8) | J40: 186 | K40: 186 | O40: 9.375
A41: Пусконаладочные работы: (вхолостую 75%) ПЗ=0,75 (ОЗП=0,75; ЭМ=0,75; ЗПМ=0,75; МАТ=0,75) (Поз. 1-8) | J41: -356 | K41: -356
A42: Накладные расходы | J42: 694
A43: В том числе, справочно:
A44: 65% ФОТ (от 1067) (Поз. 1-8) | J44: 694
A45: Сметная прибыль | J45: 427
A46: В том числе, справочно:
A47: 40% ФОТ (от 1067) (Поз. 1-8) | J47: 427
A48: ВСЕГО по смете | J48: 2188 | O48: 71.88
A49: Пусконаладочные работы: 'вхолостую' - 75% | J49: 2188 | O49: 71.88
A50: Итого | J50: 2188 | O50: 71.88
A51: В том числе:
A52: ФОТ | J52: 1067
A53: Накладные расходы | J53: 694
A54: Сметная прибыль | J54: 427
A55: ВСЕГО по смете | J55: 2188 | O55: 71.88
B57: Начальник отд.078 _________________________Т.М.Ковязина | I57: Составил инженер-сметчик __________________ Н.А.Батаева
I58: 11.03.15г.

Sheet 25757
A1: СОГЛАСОВАНО: | E1: ФГУП "Комбинат "Электрохимприбор" | M1: УТВЕРЖДАЮ:
G2: (наименование стройки) | M2: Зам. генерального директора
A3: _____________________________ | M3: Е.В.Гордеев
A4: " _____ " ________________ 2015г. | G4: ЛОКАЛЬНЫЙ СМЕТНЫЙ РАСЧЕТ № 25757
G5: (Дополнение к см 23983-П) | M5: "______ " __________2015 г.
C7: на | D7: Реконструкцию приточных венткамер П11(А,Б),П12(А,Б) Площадка 1 Здание 143 (инв.№ 6700338)
D8: Раздел: Пусконаладочные работы
H9: (наименование работ и затрат, наименование объекта)
D11: Основание: Проект № 23960-11-ОВ КПМ У6113.127 | N11: Справочно, в тыс.руб. :
D12: Сметная стоимость прочих _______________________________________________________________________________________________ | J12: ___________________________9,757 | L12: тыс. руб. | N12: с К=10,00 | P12: =ROUND(9.757*10,3) -> 97.57
D13: Средства на оплату труда _______________________________________________________________________________________________ | J13: ___________________________4,759 | L13: тыс. руб.
D14: Сметная трудоемкость _______________________________________________________________________________________________ | J14: _______________________________________________________________________________________________311,88 | L14: чел.час
D15: Составлен(а) в базовых ценах 2001г. в редакции 2009г.
A18: № пп | B18: Обосно- вание | C18: Наименование | D18: Ед. изм. | E18: Кол. | F18: Стоимость единицы, руб. | J18: Общая стоимость, руб. | N18: Т/з осн. раб.на ед. | O18: Т/з осн. раб. Всего | P18: Т/з мех. на ед. | Q18: Т/з мех. Всего
F19: Всего | G19: В том числе | J19: Всего | K19: В том числе
G20: Осн.З/п | H20: Эк.Маш | I20: З/пМех | K20: Осн.З/п | L20: Эк.Маш | M20: З/пМех
A21: 1 | B21: 2 | C21: 3 | D21: 4 | E21: 5 | F21: 6 | G21: 7 | H21: 8 | I21: 9 | J21: 10 | K21: 11 | L21: 12 | M21: 13 | N21: 14 | O21: 15 | P21: 16 | Q21: 17
A22: Раздел 1. Системы П-11А, 11Б,12А,12Б (пусконаладочные работы: вхолостую 75%)
A23: Система П-11А
A24: 1 | B24: ТЕРп03-01-007-01 прим. | C24: Кондиционер Центральный КЦКП-25-С1 | D24: 1 устройство | E24: 1 | F24: 185.58 | G24: 185.58 | J24: 186 | K24: 186 | N24: 10 | O24: 10
A25: 2 | B25: ТЕРп03-01-011-01 | C25: Регулировочно-запорное устройство клапан воздушный проходной с электрическим, пневматическим приводом | D25: 1 устройство | E25: 1 | F25: 28.59 | G25: 28.59 | J25: 29 | K25: 29 | N25: 1.5 | O25: 1.5
A26: 3 | B26: ТЕРп03-01-028-02 | C26: Фильтр рамный и ячейковый (матерчатый, бумажный, сетчатый) масляный, фильтр-поглотитель и др. | D26: 1 устройство | E26: 1 | F26: 27.84 | G26: 27.84 | J26: 28 | K26: 28 | N26: 1.5 | O26: 1.5
A27: 4 | B27: ТЕРп03-01-004-01 прим. | C27: Установка воздухонагревателя | D27: 1 установка | E27: 1 | F27: 73.79 | G27: 73.79 | J27: 74 | K27: 74 | N27: 4 | O27: 4
A28: 5 | B28: ТЕРп03-01-002-13 | C28: Вентилятор | D28: 1 устройство | E28: 1 | F28: 92.79 | G28: 92.79 | J28: 93 | K28: 93 | N28: 5 | O28: 5
A29: 6 | B29: ТЕРп03-01-011-05 | C29: Регулировочно-запорное устройство клапан обратный | D29: 1 устройство | E29: 1 | F29: 53.36 | G29: 53.36 | J29: 53 | K29: 53 | N29: 2.8 | O29: 2.8
A30: 7 | B30: ТЕРп03-01-022-01 | C30: Сеть систем вентиляции и кондиционирования воздуха при количестве сечений до 5 | D30: 1 вентиляционная сеть | E30: 1 | F30: 190.58 | G30: 190.58 | J30: 191 | K30: 191 | N30: 10 | O30: 10
A31: Система П-11Б
A32: 8 | B32: ТЕРп03-01-007-01 прим. | C32: Кондиционер Центральный КЦКП-25-С1 | D32: 1 устройство | E32: 1 | F32: 185.58 | G32: 185.58 | J32: 186 | K32: 186 | N32: 10 | O32: 10
A33: 9 | B33: ТЕРп03-01-011-01 | C33: Регулировочно-запорное устройство клапан воздушный проходной с электрическим, пневматическим приводом | D33: 1 устройство | E33: 1 | F33: 28.59 | G33: 28.59 | J33: 29 | K33: 29 | N33: 1.5 | O33: 1.5
A34: 10 | B34: ТЕРп03-01-028-02 | C34: Фильтр рамный и ячейковый (матерчатый, бумажный, сетчатый) масляный, фильтр-поглотитель и др. | D34: 1 устройство | E34: 1 | F34: 27.84 | G34: 27.84 | J34: 28 | K34: 28 | N34: 1.5 | O34: 1.5
A35: 11 | B35: ТЕРп03-01-004-01 прим. | C35: Установка воздухонагревателя | D35: 1 установка | E35: 1 | F35: 73.79 | G35: 73.79 | J35: 74 | K35: 74 | N35: 4 | O35: 4
A36: 12 | B36: ТЕРп03-01-002-13 | C36: Вентилятор | D36: 1 устройство | E36: 1 | F36: 92.79 | G36: 92.79 | J36: 93 | K36: 93 | N36: 5 | O36: 5
A37: 13 | B37: ТЕРп03-01-011-05 | C37: Регулировочно-запорное устройство клапан обратный | D37: 1 устройство | E37: 1 | F37: 53.36 | G37: 53.36 | J37: 53 | K37: 53 | N37: 2.8 | O37: 2.8
A38: Система П-12А
A39: 14 | B39: ТЕРп03-01-007-01 прим. | C39: Кондиционер Центральный КЦКП-25-С1 | D39: 1 устройство | E39: 1 | F39: 185.58 | G39: 185.58 | J39: 186 | K39: 186 | N39: 10 | O39: 10
A40: 15 | B40: ТЕРп03-01-011-01 | C40: Регулировочно-запорное устройство клапан воздушный проходной с электрическим, пневматическим приводом | D40: 1 устройство | E40: 1 | F40: 28.59 | G40: 28.59 | J40: 29 | K40: 29 | N40: 1.5 | O40: 1.5
A41: 16 | B41: ТЕРп03-01-028-02 | C41: Фильтр рамный и ячейковый (матерчатый, бумажный, сетчатый) масляный, фильтр-поглотитель и др. | D41: 1 устройство | E41: 1 | F41: 27.84 | G41: 27.84 | J41: 28 | K41: 28 | N41: 1.5 | O41: 1.5
A42: 17 | B42: ТЕРп03-01-004-01 прим. | C42: Установка воздухонагревателя | D42: 1 установка | E42: 1 | F42: 73.79 | G42: 73.79 | J42: 74 | K42: 74 | N42: 4 | O42: 4
A43: 18 | B43: ТЕРп03-01-002-13 | C43: Вентилятор | D43: 1 устройство | E43: 1 | F43: 92.79 | G43: 92.79 | J43: 93 | K43: 93 | N43: 5 | O43: 5
A44: 19 | B44: ТЕРп03-01-011-05 | C44: Регулировочно-запорное устройство клапан обратный | D44: 1 устройство | E44: 1 | F44: 53.36 | G44: 53.36 | J44: 53 | K44: 53 | N44: 2.8 | O44: 2.8
A45: 20 | B45: ТЕРп03-01-022-01 | C45: Сеть систем вентиляции и кондиционирования воздуха при количестве сечений до 5 | D45: 1 вентиляционная сеть | E45: 1 | F45: 190.58 | G45: 190.58 | J45: 191 | K45: 191 | N45: 10 | O45: 10
A46: Система П-12Б
A47: 21 | B47: ТЕРп03-01-007-01 прим. | C47: Кондиционер Центральный КЦКП-25-С1 | D47: 1 устройство | E47: 1 | F47: 185.58 | G47: 185.58 | J47: 186 | K47: 186 | N47: 10 | O47: 10
A48: 22 | B48: ТЕРп03-01-011-01 | C48: Регулировочно-запорное устройство клапан воздушный проходной с электрическим, пневматическим приводом | D48: 1 устройство | E48: 1 | F48: 28.59 | G48: 28.59 | J48: 29 | K48: 29 | N48: 1.5 | O48: 1.5
A49: 23 | B49: ТЕРп03-01-028-02 | C49: Фильтр рамный и ячейковый (матерчатый, бумажный, сетчатый) масляный, фильтр-поглотитель и др. | D49: 1 устройство | E49: 1 | F49: 27.84 | G49: 27.84 | J49: 28 | K49: 28 | N49: 1.5 | O49: 1.5
A50: 24 | B50: ТЕРп03-01-004-01 прим. | C50: Установка воздухонагревателя | D50: 1 установка | E50: 1 | F50: 73.79 | G50: 73.79 | J50: 74 | K50: 74 | N50: 4 | O50: 4
A51: 25 | B51: ТЕРп03-01-002-13 | C51: Вентилятор | D51: 1 устройство | E51: 1 | F51: 92.79 | G51: 92.79 | J51: 93 | K51: 93 | N51: 5 | O51: 5
A52: 26 | B52: ТЕРп03-01-011-05 | C52: Регулировочно-запорное устройство клапан обратный | D52: 1 устройство | E52: 1 | F52: 53.36 | G52: 53.36 | J52: 53 | K52: 53 | N52: 2.8 | O52: 2.8
A53: Итого по разделу 1 Системы П-11А, 11Б,12А,12Б (пусконаладочные работы: вхолостую 75%) | J53: 4121 | O53: 137.08
A54: Раздел 2. Автоматика (пусконаладочные работы: 'вхолостую' - 80%)
A55: 27 | B55: ТЕРп01-04-034-01 прим. | C55: Комплект автоматики | D55: 1 компл. | E55: 4 | F55: 716.3 | G55: 716.3 | J55: 2865 | K55: 2865 | N55: 38 | O55: 152
A56: Итого по разделу 2 Автоматика (пусконаладочные работы: 'вхолостую' - 80%) | J56: 5636 | O56: 174.8
A57: ИТОГИ ПО СМЕТЕ:
A58: Итого прямые затраты по смете в ценах 2001г. | J58: 5099 | K58: 5099 | O58: 271.2
A59: Итого прямые затраты по смете с учетом коэффициентов к итогам | J59: 4759 | K59: 4759 | O59: 311.88
A60: В том числе, справочно:
A61: Районный к-т 4,3% (Поз. 1-27) | J61: 219 | K61: 219
A62: ПНР на действующих предприятиях ОЗП=1,15; ТЗ=1,15 (Поз. 1-27) | J62: 798 | K62: 798 | O62: 40.68
A63: Пусконаладочные работы: (вхолостую 75%) ПЗ=0,75 (ОЗП=0,75; ЭМ=0,75; ЗПМ=0,75; МАТ=0,75) (Поз. 1-26) | J63: -670 | K63: -670
A64: Пусконаладочные работы (вхолостую 80%) ПЗ=0,8 (ОЗП=0,8; ЭМ=0,8; ЗПМ=0,8; МАТ=0,8) (Поз. 27) | J64: -687 | K64: -687
A65: Накладные расходы | J65: 3094
A66: В том числе, справочно:
A67: 65% ФОТ (от 4759) (Поз. 1-27) | J67: 3094
A68: Сметная прибыль | J68: 1904
A69: В том числе, справочно:
A70: 40% ФОТ (от 4759) (Поз. 1-27) | J70: 1904
A71: ВСЕГО по смете | J71: 9757 | O71: 311.88
A72: Пусконаладочные работы: 'вхолостую' - 75% | J72: 4121 | O72: 137.08
A73: Пусконаладочные работы: 'вхолостую' - 80% | J73: 5636 | O73: 174.8
A74: Итого | J74: 9757 | O74: 311.88
A75: В том числе:
A76: ФОТ | J76: 4759
A77: Накладные расходы | J77: 3094
A78: Сметная прибыль | J78: 1904
A79: ВСЕГО по смете | J79: 9757 | O79: 311.88
B81: Начальник отд.078 _________________________Т.М.Ковязина | I81: Составил инженер-сметчик __________________ Н.А.Батаева
I82: 11.03.15г.

Sheet СМР
A1: Расчет начальной (максимальной) цены на
A2: выполнение пусконаладочных работ на Пл.1 зд. 132 пом.119 (инв.№ 6200280), Пл.2 зд.238 (инв.№ 5600310), Пл.1 зд.303 (инв.№ 5300336), Пл.1 зд.143 (инв.№ 6700338), КПП пл.5, АБК пл.5, наружные сети электроснабжения пл.5".
A4: Наименование глав ССР, объектный сметных расчетов, локальных сметных расчетов, видов прочих работ | B4: Сметная стоимость строительства в базисном уровне цен на 01.01.2000г. по ССР | F4: Остаток сметной стоимости в базисном уровне цен на 01.01.2000 | J4: Сметная стоимость строительства в базисном уровне цен на 01.01.2000г., выставленная на конкурс | N4: Текущая стоимость на момент определения начальной (максимальной) цены | O4: № обосновывающего расчета | P4: 2015 год
B5: Всего | C5: СМР | D5: Оборудование | E5: Прочие | F5: Всего | G5: СМР | H5: Оборудование | I5: Прочие | J5: Всего | K5: СМР | L5: Оборудование | M5: Прочие | P5: СМР | Q5: Оборудование | R5: Прочие
A6: 1 | B6: 2 | C6: 3 | D6: 4 | E6: 5 | F6: 6 | G6: 7 | H6: 8 | I6: 9 | J6: 10 | K6: 11 | L6: 12 | M6: 13 | N6: 14 | O6: 15 | P6: 19 | Q6: 20 | R6: 21
A7: Реконструкцию КПП промышленной площадка № 5. Раздел: ПНР. Пожарная сигнализация | B7: =SUM(C7:E7) -> 1939 | E7: ='25658'!J34 -> 1939 | F7: =SUM(G7:I7) -> 1939 | G7: =C7 -> 0 | I7: =E7 -> 1939 | J7: =SUM(K7:M7) -> 1939 | K7: =G7 -> 0 | M7: =I7 -> 1939 | N7: =R7 -> 19487 | O7: 25658 (178см174) | P7: =ROUND(K7*5.71,0) -> 0 | R7: =ROUND(M7*10.05,0) -> 19487
A8: Реконструкцию КПП промышленной площадка № 5. Раздел: ПНР. Силовое электрооборудование и освещение. | B8: =SUM(C8:E8) -> 14881 | E8: ='25659'!J41 -> 14881 | F8: =SUM(G8:I8) -> 14881 | G8: =C8 -> 0 | H8: =D8 -> 0 | I8: =E8 -> 14881 | J8: =SUM(K8:M8) -> 14881 | K8: =G8 -> 0 | L8: =H8 -> 0 | M8: =I8 -> 14881 | N8: =R8 -> 149554 | O8: 25659 (178см175) | P8: =ROUND(K8*5.71,0) -> 0 | Q8: =ROUND(L8*3.74,0) -> 0 | R8: =ROUND(M8*10.05,0) -> 149554
A9: ПНР. Наружные сети электроснабжения промышленной площадки 5. | B9: =SUM(C9:E9) -> 29192 | E9: ='25683'!K50 -> 29192 | F9: =SUM(G9:I9) -> 29192 | G9: =C9 -> 0 | H9: =D9 -> 0 | I9: =E9 -> 29192 | J9: =SUM(K9:M9) -> 29192 | K9: =G9 -> 0 | L9: =H9 -> 0 | M9: =I9 -> 29192 | N9: =R9 -> 293380 | O9: 25683 (178см190) | Q9: =ROUND(L9*3.74,0) -> 0 | R9: =ROUND(M9*10.05,0) -> 293380
A10: ПНР. Охранная сигнализация. Административно-бытовой корпус промышленной площадки 5. | B10: =SUM(C10:E10) -> 3403 | C10: 0 | D10: 0 | E10: ='25682'!J26 -> 3403 | F10: =SUM(G10:I10) -> 3403 | G10: =C10 -> 0 | H10: =D10 -> 0 | I10: =E10 -> 3403 | J10: =SUM(K10:M10) -> 3403 | K10: =G10 -> 0 | L10: =H10 -> 0 | M10: =I10 -> 3403 | N10: =R10 -> 34200 | O10: 25682 (178см191) | P10: =ROUND(K10*5.71,0) -> 0 | Q10: =ROUND(L10*3.74,0) -> 0 | R10: =ROUND(M10*10.05,0) -> 34200
A11: ПНР. Пожарная сигнализация. Административно-бытовой корпус промышленной площадки 5. | B11: =SUM(C11:E11) -> 3333 | E11: ='25681'!J32 -> 3333 | F11: =SUM(G11:I11) -> 3333 | I11: =E11 -> 3333 | J11: =SUM(K11:M11) -> 3333 | M11: =I11 -> 3333 | N11: =R11 -> 33497 | O11: 25681 (178см192) | R11: =ROUND(M11*10.05,0) -> 33497
A12: ПНР. Внутренние сети связи. Административно-бытовой корпус промышленной площадки 5. | B12: =SUM(C12:E12) -> 2598 | E12: ='25680'!K30 -> 2598 | F12: =SUM(G12:I12) -> 2598 | I12: =E12 -> 2598 | J12: =SUM(K12:M12) -> 2598 | M12: =I12 -> 2598 | N12: =R12 -> 26110 | O12: 25680 (178см193) | R12: =ROUND(M12*10.05,0) -> 26110
A13: ПНР. Электрооборудование, освещение, автоматизация. Административно-бытовой корпус промышленной площадки 5. | B13: =SUM(C13:E13) -> 15334 | E13: ='25679'!J38 -> 15334 | F13: =SUM(G13:I13) -> 15334 | I13: =E13 -> 15334 | J13: =SUM(K13:M13) -> 15334 | M13: =I13 -> 15334 | N13: =R13 -> 154107 | O13: 25679 (178см194) | R13: =ROUND(M13*10.05,0) -> 154107
A14: ПНР. Вентиляция. Административно-бытовой корпус промышленной площадки 5. | B14: =SUM(C14:E14) -> 6425 | E14: ='25678'!J86 -> 6425 | F14: =SUM(G14:I14) -> 6425 | I14: =E14 -> 6425 | J14: =SUM(K14:M14) -> 6425 | M14: =I14 -> 6425 | N14: =R14 -> 64571 | O14: 25678 (178см195) | R14: =ROUND(M14*10.05,0) -> 64571
A15: Реконструкцию. Площадка 1 Здание 132 Помещение 119 (инв.№ 6200280) Кондиционирование. Раздел: Пусконаладочные работы. | B15: =SUM(C15:E15) -> 237 | E15: ='25754'!J46 -> 237 | F15: =SUM(G15:I15) -> 237 | I15: =E15 -> 237 | J15: =SUM(K15:M15) -> 237 | M15: =I15 -> 237 | N15: =R15 -> 2382 | O15: 25754 (178см207) | R15: =ROUND(M15*10.05,0) -> 2382
A16: Пусконаладочные работы. Площадка 2 Здание 238 (инв.№ 5600310) Вентиляция. | B16: =SUM(C16:E16) -> 2841 | E16: ='25755'!J49 -> 2841 | F16: =SUM(G16:I16) -> 2841 | I16: =E16 -> 2841 | J16: =SUM(K16:M16) -> 2841 | M16: =I16 -> 2841 | N16: =R16 -> 28552 | O16: 25755 (178см206) | R16: =ROUND(M16*10.05,0) -> 28552
A17: Реконструкцию участка вакуумной термообработки изделий. Площадка 1. Здание 303 (инв.№ 5300336) Вентиляция. Раздел: Пусконаладочные работы | B17: =SUM(C17:E17) -> 2188 | E17: ='25756'!J55 -> 2188 | F17: =SUM(G17:I17) -> 2188 | I17: =E17 -> 2188 | J17: =SUM(K17:M17) -> 2188 | M17: =I17 -> 2188 | N17: =R17 -> 21989 | O17: 25756 (178см205) | R17: =ROUND(M17*10.05,0) -> 21989
A18: Реконструкцию приточных венткамер П11(А,Б),П12(А,Б) Площадка 1 Здание 143 (инв.№ 6700338) | B18: =SUM(C18:E18) -> 9757 | E18: ='25757'!J79 -> 9757 | F18: =SUM(G18:I18) -> 9757 | I18: =E18 -> 9757 | J18: =SUM(K18:M18) -> 9757 | M18: =I18 -> 9757 | N18: =R18 -> 98058 | O18: 25757 (178см204) | R18: =ROUND(M18*10.05,0) -> 98058
A19: Итого в ценах 2000 года: | B19: =SUM(B7:B14) -> 77105 | C19: =SUM(C7:C10) -> 0 | D19: =SUM(D7:D10) -> 0 | E19: =SUM(E7:E14) -> 77105 | F19: =SUM(F7:F14) -> 77105 | G19: =SUM(G7:G10) -> 0 | H19: =SUM(H7:H10) -> 0 | I19: =SUM(I7:I14) -> 77105 | J19: =SUM(J7:J14) -> 77105 | K19: =SUM(K7:K10) -> 0 | L19: =SUM(L7:L10) -> 0 | M19: =SUM(M7:M14) -> 77105 | N19: =SUM(P19:R19) -> 925887 | O19: =SUM(O7:O14) -> 0 | P19: =SUM(P7:P10) -> 0 | Q19: =SUM(Q7:Q10) -> 0 | R19: =SUM(R7:R18) -> 925887
A20: НДС 18% | N20: =SUM(P20:R20) -> 166659.66 | P20: 0 | Q20: 0 | R20: =ROUND(R19*18%,2) -> 166659.66
A21: Всего: | N21: =SUM(N19:N20) -> 1092546.7 | P21: 0 | Q21: 0 | R21: =SUM(R19:R20) -> 1092546.7
A22: * В расчете использованы индексы:
A23: -10,05 индекс изменения сметной стоимости прочих затрат к ТЕР 2001 (письмо Минстроя России от 06.02.2015 года № 3004-ЛС/08 приложение 1, пусконаладочные работы)
A25: И.о начальника отдела капитального строительства
A26: ФГУП "Комбинат "Электрохимприбор" | H26: С.С. Батаев
A28: Инженер по проектно-сметной работе | H28: Н.А. Басова
A30: Согласовано | H30: отд. 028

Sheet НМЦ договора
A5: Определение начальной (максимальной) цены договора генерального подряда
A6: на выполнение пусконаладочных работ на Пл.1 зд. 132 пом.119 (инв.№ 6200280), Пл.2 зд.238 (инв.№ 5600310), Пл.1 зд.303 (инв.№ 5300336), Пл.1 зд.143 (инв.№ 6700338), КПП пл.5, АБК пл.5, наружные сети электроснабжения пл.5".
A7: на 2015 год
A9: Способ закупки: открытый запрос предложений
F10: ц.2000г./текущие цены, руб.
A11: Наименование услуг и работ (затрат) | C11: Сметная стоимость строительства в базисном уровне цен на 01.01.2000 г. | D11: Сметная стоимость строительства в текущем уровне цен, пресчитанная на момент проведения процедуры закупки | F11: Начальная (максимальная) цена | G11: в том числе по годам строительства
G14: 2015г.
A18: 1 | C18: 2 | D18: 3 | F18: 4 | G18: 6
A19: СМР | C19: =СМР!K19 -> 0 | D19: 0 | F19: 0 | G19: =F19 -> 0
A20: Оборудование | C20: =СМР!L19 -> 0 | D20: 0 | F20: 0 | G20: 0
A21: Прочие затраты | C21: =СМР!M19 -> 77105 | D21: =СМР!N19 -> 925887 | F21: =D21 -> 925887 | G21: =F21 -> 925887
A22: Всего: | C22: =SUM(C19:C21) -> 77105 | D22: =D21 -> 925887 | F22: =SUM(F19:F21) -> 925887 | G22: =SUM(G19:H21) -> 925887
A23: НДС | D23: =СМР!N20 -> 166659.66 | F23: =D23 -> 166659.66 | G23: =F23 -> 166659.66
A24: Итого с НДС | D24: =СМР!N21 -> 1092546.7 | F24: =SUM(F22:F23) -> 1092546.7 | G24: =SUM(G22:H23) -> 1092546.7
A26: В расчете использованы индексы:
A28: - 10,05 индекс изменения сметной стоимости прочих затрат к ТЕР 2001 (письмо Минстроя России от 06.02.2015 года № 3004-ЛС/08 приложение 1, пусконаладочные работы)
A30: И.о. начальника отдела
A31: капитального строительства
A32: ФГУП "Комбинат "Электрохимприбор" | G32: С.С. Батаев
A34: Инженер по проектно-сметной работе | G34: Н.А. Басова
A36: Согласовано | G36: отд. 028
